Workbook
Name _Hlk124247268: Istruzioni_Compilazione!#REF!
Name D100_ABB: ELENCO!$BB$12:$BB$17
Name D100_RIC: ELENCO!$BB$26:$BB$31
Name D30_ABB: ELENCO!$BB$5:$BB$10
Name D30_RIC: ELENCO!$BB$19:$BB$24
Name DA: ELENCO!$AS$3:$AS$6
Name DB: ELENCO!$AS$7:$AS$10
Name DC: ELENCO!$AS$11:$AS$14
Name DD: ELENCO!$AS$15:$AS$18
Name DE: ELENCO!$AS$19:$AS$22
Name DF: ELENCO!$AS$23:$AS$26
Name DG: ELENCO!$AS$27:$AS$30
Name DH: ELENCO!$AS$31:$AS$34
Name Dual: ELENCO!$C$3
Name Dual_NA: ELENCO!$C$4
Name KO_D30_D10_ABB_RIC: ELENCO!$BB$3
Name Premium: ELENCO!$AI$3:$AI$4
Name Ricarica_di_Emergenza_Taglio_ricarica: ELENCO!$W$3
Name Ricarica_di_Emergenza_Taglio_ricarica__NA: ELENCO!$W$4
Name SIM_DATI_Secondaria: ELENCO!$N$9:$N$10
Name SIM_DATI_Secondaria_NA: ELENCO!$N$4
Name StandardPrioritaria: ELENCO!$AH$3:$AH$30
Name Traffico_oltre_soglia_KO: ELENCO!$F$4
Name Traffico_oltre_soglia_MINUTI_ITZ_e_SMS_a_consumo: ELENCO!$F$3:$F$4
Name Traffico_Roaming_SEE_DATI: ELENCO!$AK$3:$AK$27
Name Traffico_Roaming_SEE_VOCE: ELENCO!$AJ$3:$AJ$33
Name VA: ELENCO!$AN$3:$AN$6
Name VB: ELENCO!$AN$7:$AN$10
Name VC: ELENCO!$AN$11:$AN$14
Name VD: ELENCO!$AN$15:$AN$18
Name VE: ELENCO!$AN$19:$AN$22
Name VF: ELENCO!$AN$23:$AN$26
Name VG: ELENCO!$AN$27:$AN$30
Name VH: ELENCO!$AN$31:$AN$34
Name VI: ELENCO!$AN$35:$AN$38
Name VL: ELENCO!$AN$39:$AN$42

Sheet Istruzioni_Compilazione
B1: Modulo Attivazione Utenze CONDIVISE e Portabilita e Terminali (SIM) e relativa configurazione- Istruzioni per la compilazione
B4: 1) Il presente modulo deve essere inviato online, tramite il portale www.acquistinretepa.it, inserito come allegato all'ORDINE PRINCIPALE e/O SUCCESSIVO-MODIFICATIVO. 2) Il foglio RIEPILOGO UTENZE - OFFERTA non deve essere compilato in quanto visualizza una sintesi delle configurazioni ordinate. 3) Le SIM saranno disabilitate di Default ai servizi CSP (forniti cioè da content service provider e corrispondenti a servizi premium a sovraprezzo) 4) in CASO DI ATTO SUCCESSIVO/MODIFICATIVO inserire nel presente modulo solo le utenze, i terminali e i servizi in Aumento (si veda la guida alla convenzione nota. pag 49)
B5: IMPORTANTE: La causa più frequente di rifiuti nel processo di Portabilità da parte dell'Operatore di Provenienza è dovuta ad errori nell'indicazione della Ragione Sociale e della Partita IVA intestatarie della numerazione oggetto della richiesta di portabilità, che devono necessariamente essere coincidenti con quanto riportato sui sistemi CRM dell'Operatore di Provenienza. A tutela dell'Amministrazione si richiede di incollare nel foglio "FATTURA" di questo modulo, l'intestazione della prima pagina dell'ultima fattura emessa dell'Operatore di Provenienza in cui siano evidenti i campi di intestazione (Ragione Sociale e PIVA), al fine di minimizzare i rifiuti da parte dell'operatore donating e accelerare la gestione di eventuali rilavorazioni evitando inutili ritardi nelle procedure di portabilità.
B6: ISTRUZIONI OPERATIVE:
B7: 1) Compilare il FOGLIO DATI GENERALI
B8: 2) Compilare il FOGLIO ELENCO SEDI
B9: 3) Compilare il FOGLIO TERMINALI
B10: NOTA: nel FOGLIO TERMINALI selezonare la TIPOLOGIA di terminale, la QUANTITA' e il numero di SEDE associato (nel foglo precedente) in cui effettuare a spedizione.
C11: Nella tabella iniziale sono riportati tutti terminali disponibili in funzione della tipologia di Utenza "Standard/Prioritaria" e "Premium":
C12: Tipologia Utenza | D12: Tipologia Terminale | E12: Marca Terminale | F12: Modello Terminale
C13: Standard/Prioritaria | D13: Profilo Base - Android brand 1 | E13: Samsung | F13: Samsung A33 5G EE
D14: Profilo Base - Android brand 2 | E14: Honor | F14: Honor Magic 5 Lite 5G
D15: Profilo Base - Android brand 3 | E15: Motorola | F15: Motorola G62 5G
D16: Profilo Intermedio - Android brand 1 | E16: Samsung | F16: Samsung A34 5G 8-256GB EE
D17: Profilo Intermedio - Android brand 2 | E17: Honor | F17: Honor 90 Lite
D18: Profilo Intermedio - Android brand 3 | E18: Motorola | F18: Motorola Edge 30
D19: Profilo Top - Android brand 1 | E19: Samsung | F19: Samsung A53 256GB 5G EE
D20: Profilo Top - Android brand 2 | E20: Oppo | F20: Oppo Reno 10
D21: Profilo Top - Android brand 3 | E21: Honor | F21: Honor 90
D22: Profilo Top - IoS | E22: Apple | F22: iPhone 13 256GB
D23: Tablet - Android brand 1 | E23: Samsung | F23: Samsung Galaxy Tab S9 5G 256GB EE
D24: Tablet - Android brand 2 | E24: Lenovo | F24: Lenovo Tab P11 5G
D25: Tablet - IOS | E25: Apple | F25: iPad 10 gen 256GB
D26: Modem | E26: ZTE | F26: Vodafone Giga To Go
C27: Premium | D27: Profilo Premium - Android | E27: Samsung | F27: Samsung S22 Ultra 256GB
D28: Profilo Premium - IOS | E28: Apple | F28: iPhone 15 Pro 512GB
B30: NOTA: Qualora il il numero dei terminali superasse il quantitativo suggerito dalla convenzione, la cella denominata QuantitàTerminali Standard/Prioritaria si colorera' di Arancione
B31: 4) Compilare il MODULO ATT. NUOVE UTENZE _PORTABILITA', come di seguito riportato:
B32: Nel caso alcune celle obbligatorie di questa sezione non vengano compilate correttamente, l'intera colonna si colorerà di ARANCIONE e devono essere corrette prima di inviare il presente modulo. Le celle in Grigio non devono essere compilate. Le SIM del contratto dovranno essere configurate dall’Amministrazione compilando le tabelle di cui si compone il presente modulo. Ciascuna riga identificherà una SIM (Utenza), di seguito la legenda dei diversi campi: - Dati Anagrafici dell'Amministrazione: - Sede di Consegna: campo valorizzato dall'Amministrazione, rappresenta la Sede di consegna delle SIM come indicato nello sheet "Elenco Sedi" - Dati relativi alle Utenze: - Seriale SIM Vodafone: DA NON COMPILARE - campo valorizzato da Vodafone e comunicato alla singola Ammistrazione (es. 8939107000000XXXXXX) - Numero Telefono: DA NON COMPILARE - campo valorizzato da Vodafone e comunicato alla singola Amministrazione in caso di Attivazione nuova utenza, in caso di MNP il numero dovrà essere fornito dalla Amministrazione indicandolo nella Colonna J - Tipo Profili Utenza: selezionare la tipologia di utenza tra Standard, Prioritaria o Pacchetto Premium (in questo caso i pacchetti base selezionabili saranno unicamente quelli PREMIUM) - Autorizzazione Dual Dipendente: selezionare SI nel caso in cui si voglia autorizzare tale Utenza a chiedere successivamente la richiesta di attivazione Dual. - Etichetta SIM (Massimo 25 caratteri): tale informazione è OBBLIGATORIA e fondamentale per creare una correlazione tra l'utenza e la SIM che verrà spedita da Vodafone e quindi deve essere UNIVOCA per ogni SIM all'interno dello stesso ordine. Le SIM spedite nelle Sedi di consegna indicate nella colonna B riporteranno l'etichetta scelta ed inserita dal ROA nella colonna G. Questo facilitera' l'Amministazione nella corretta associazione delle sim e distribuzione delle stesse. Nel campo Etichetta SIM potrà essere inserito Nome/Cognome utente o numero matricola o ID interno Amministrazione. In caso di portabilità da altro operatore o migrazione da Vodafone il campo Etichetta SIM è fortemente consigliato inserire il numero di telefono in portabilità (colonna K) NOTA IMPORTANTE: Nel primo ODF (CONTRATTO PRINCIPALE) dovrà essere richiesta obbligatoriamente da parte del ROA una SIM TECNICA, SIM fornita da Vodafone per la gestione della Registrazione al Portale WEB. Sul numero di telefono di tale SIM verranno inviate le password per l'accesso al Portale; la SIM sarà chiusa a tutti i servizi fonia e dati (entranti ed uscenti) tranne che per gli SMS e non prevederà l'addebito della Tassa di Concessione Governativa. La prima riga dello sheet (riga 4) è utilizzata per indicare la sede di consegna della SIM TECNICA e l'etichetta della stessa (colonna G) che è precompilata con la stringa "SIM TECNICA". Da compilare unicamente la colonna B "Sede di Consegna" . Eliminare la riga per ordini successivi al primo relativo allo stesso CONTRATTO PRINCIPALE - SIM DATI Secondaria: selezionare "X" nel caso in cui il ROA voglia richiedere una SIM DATI Secondaria associata all'utenza principale. Il campo è selezionabile dopo aver scelto il pacchetto Base. In caso di incompatibilà del servizio con il pacchetto base selezionato apparirà nel menu a tendina il valore "N.A." In caso di scelta del servizio SIM DATI Secondaria (selezione "X") , in automatico verra' compilato il campo ETICHETTA SIM DATI SECONDARIA come segue: <ETICHETTA SIM>_2. Dove ETICHETTA SIM è la volorizzazione del campo ETICHETTA della SIM Primaria.
B33: -Dati per la Portabilità e Migrazione: Tali campi dovranno essere compilati SOLO in caso di portabilità da altro Operatore o migrazione da precedente contratto Vodafone Tutte le attivazioni saranno di tipo CONDIZIONATO al buon esito della portabiltità: la SIM verrà attivata il giorno della portabilità La compilazione dei campi di interesse che seguono, sono necessari sia per richieste di portabilità che di migrazione da compilare come segue. PORTABILITA' MNP DI UTENZE INTESTATE ALLA PUBBLICA AMMINISTRAZIONE - Operatore di Provenienza: selezionare dalla lista l'Operatore su cui e' attiva la SIM da portare in Vodafone su convenzione TM9 - Numero di telefono: indicare il numero di telefono oggetto di portabilità verso Vodafone su convenzione TM9 - Seriale SIM: non compilare - Codice Fiscale/Partita IVA: indicare la P.IVA della Pubblica Ammistrazione titolare dell'utenza da portare verso Vodafone come riportato nell'intestazione dell'ultima fattura fornita dall'operatore di provenienza - Nome Cognone/Ragione Sociale: indicare la Ragione Sociale della Pubblica Amministrazione titolare dell'utenza la cui P.IVA è stata riportata nella colonna M, come riportato nell'ultima fattura fornita dall'operatore di provenienza - Tipo documento: selezionare il tipo di documento di identità del rappresentante delegato della Pubblica Amministrazione con potere di firma (Punto Ordinante) - Numero documento di identità: indicare il codice del documento di identita' del rappresentante delegato della Pubblica Amministrazione con potere di firma (Punto Ordinante)
B34: PORTABILITA' MNP DI UTENZE PRIVATE (utenze intestate a privati attive con altro operatore che la PA vuole includere nel contratto TM9) - Operatore di Provenienza: selezionare dalla lista l'Operatore su cui è attiva la SIM da portare in Vodafone su convenzione TM9 - Numero di telefono: indicare il numero di telefono oggetto di portabilità verso Vodafone su convenzione TM9 - Seriale SIM: non compilare - Codice Fiscale/Partita IVA: indicare il Codice Fiscale a cui è intestata l'utenza da portare verso Vodafone in convenzione CONSIP TM9 come riportato nell'ultima fattura fornita dall'operatore di provenienza - Nome Cognome/Ragione Sociale: indicare il Nome ed il Cognome a cui è intestata l'utenza da portare verso Vodafone in convenzione CONSIP TM9 - Tipo documento: selezionare il tipo di documento di identita' del rappresentante delegato della Pubblica Amministrazione con potere di firma (Punto Ordinante) - Numero documento di identità: indicare il codice del documento di identita' del rappresentante delegato della Pubblica Amministrazione con potere di firma (Punto Ordinante)
B35: MIGRAZIONE UTENZE PRIVATE (utenze private già attive con contratto Vodafone che la Pubblica Amministrazione vuole includere nel contratto TM9) E' necessario allegare al presente modulo anche il "Modulo Proposta di Cessione /Subentro del contratto" compilato e firmato, da ricehiedere al Customer Care. - Operatore di Provenienza: VODAFONE - Numero di telefono: indicare il numero di telefono oggetto di portabilità verso Vodafone su convenzione TM9 - Seriale SIM: da indicare nel caso in cui l'operatore di Provenienza sia Vodafone e l'utenza da migrare sia intestata a privato Vodafone (es. 8939107000000123456) - Codice Fiscale/Partita IVA: indicare il Codice Fiscale a cui è intestata l'utenza da portare in convenzione CONSIP TM9 - Nome Cognone/Ragione Sociale: indicare il Nome ed il Cognome a cui è intestata l'utenza da migrare in convenzione CONSIP TM9 - Tipo documento: selezionare il tipo di documento di identità del rappresentante delegato della Pubblica Amministrazione con potere di firma (Punto Ordinante) - Numero documento di identità: indicare il codice del documento di identita' del rappresentante delegato della Pubblica Amministrazione con potere di firma (Punto Ordinante)
B36: MIGRAZIONE UTENZE INTESTATE ALLA PUBBLICA AMMINISTRAZIONE (migrazione verso TM9 di un contratto esistente Vodafone Business PA) - Operatore di Provenienza: VODAFONE - Numero di telefono: indicare il numero di telefono oggetto di portabilità verso Vodafone su convenzione TM9 - Seriale SIM: non compilare - Codice Fiscale/Partita IVA: indicare la P.IVA della Pubblica Amministrazione titolare dell'utenza da migrare in convenzione CONSIP TM9 - Nome Cognone/Ragione Sociale: indicare la Ragione Sociale della Pubblica Amministrazione la cui P.IVA è stata riportata nella colonna L - Tipo documento: selezionare il tipo di documento di identità del rappresentante delegato della Pubblica Amministrazione con potere di firma (Punto Ordinante) - Numero documento di identità: indicare il codice del documento di identita' del rappresentante delegato della Pubblica Amministrazione con potere di firma (Punto Ordinante)
B37: - Dati Offerta Mobile: Nel caso alcune celle obbligatorie di questa sezione non vengano compilate correttamente, le celle si coloreranno di ARANCIONE - Pacchetto Base: selezionare il piano tariffario per il traffico (Voce+SMS+Dati) nazionale Ogni SIM di potra' condividere il traffico SMS, MMS , Voce Itz (Condiviso Voce) o DATI (Condiviso Dati) con tutte le SIM che avranno il medesimo pacchetto base.
C38: Pacchetto Base | E38: Traffico (Voce+SMS+Dati) Caratteristiche del piano tariffario
C39: TM9 Abbonamento P5 - Condiviso Dati | E39: Min Nazionali Illimitati + 20 min vs Fissa e Mobile Internazionali + 300 SMS + 10 MMS + 5GB condivisi con le SIM con lo stesso pacchetto base
C40: TM9 Abbonamento P30 - Condiviso Dati | E40: Min Nazionali Illimitati + 20 min vs Fissa e Mobile Internazionali + 300 SMS + 10 MMS + 30GB condivisi con le SIM con lo stesso pacchetto base
C41: TM9 Abbonamento P100 - Condiviso Dati | E41: Min Nazionali Illimitati + 20 min vs Fissa e Mobile Internazionali + 300 SMS + 10 MMS + 100GB condivisi con le SIM con lo stesso pacchetto base
C42: TM9 Ricaricabile P5 - Condiviso Dati | E42: Min Nazionali Illimitati + 20 min vs Fissa e Mobile Internazionali + 300 SMS + 10 MMS + 5GB condivisi con le SIM con lo stesso pacchetto base
C43: TM9 Ricaricabile P30 - Condiviso Dati | E43: Min Nazionali Illimitati + 20 min vs Fissa e Mobile Internazionali + 300 SMS + 10 MMS + 30GB condivisi con le SIM con lo stesso pacchetto base
C44: TM9 Ricaricabile P100 - Condiviso Dati | E44: Min Nazionali Illimitati + 20 min vs Fissa e Mobile Internazionali + 300 SMS + 10 MMS + 100GB condivisi con le SIM con lo stesso pacchetto base
C45: TM9 Abbonamento P0 - Condiviso Voce | E45: Min Nazionali Illimitati + 20 min vs Fissa e Mobile Internazionali + 300 SMS + 10 MMS, condivisi con le SIM con lo stesso pacchetto base
C46: TM9 Abbonamento P5 - Condiviso Voce | E46: Min Nazionali Illimitati + 20 min vs Fissa e Mobile Internazionali + 300 SMS + 10 MMS condivisi con le SIM con lo stesso pacchetto base + 5GB
C47: TM9 Abbonamento P30 - Condiviso Voce | E47: Min Nazionali Illimitati + 20 min vs Fissa e Mobile Internazionali + 300 SMS + 10 MMS condivisi con le SIM con lo stesso pacchetto base + 30GB
C48: TM9 Abbonamento P100 - Condiviso Voce | E48: Min Nazionali Illimitati + 20 min vs Fissa e Mobile Internazionali + 300 SMS + 10 MMS condivisi con le SIM con lo stesso pacchetto base + 100GB
C49: TM9 Abbonamento Illimitato - Condiviso Voce | E49: Min Nazionali Illimitati + 20 min vs Fissa e Mobile Internazionali + 300 SMS + 10 MMS condivisi con le SIM con lo stesso pacchetto base + Dati Illimitati
... C70: TM9 Ricaricabile Dati D100 - Condiviso Dati | E70: Offerta solo Dati con 100 Giga inclusi, condivisi con le SIM con lo stesso pacchetto base
B73: - Traffico oltre soglia MINUTI ITZ e SMS - a consumo. Selezionare - "Abilitato" nel caso in cui si voglia consentire il traffico a consumo a carico dell'Amministrazione oltre la soglia prevista nel pacchetto base per le direttrici SMS, MMS e Chiamate internazionali (300 SMS, 10 MMS e 20 minuti di chiamate internazionali) - "Disabilitato" nel caso in cui NON si voglia consentire il traffico oltre la soglia inclusa nel pacchetto base per SMS, MMS e Chiamate internazionali In caso di scelta abilitazione al traffico oltre soglia SMS, MMS e Chiamate Internazionali è strettamente consigliata l'attivazione della Ricarica Sotto Soglia di Emergenza per evitare ogni interruzione del servizio dovuta all'assenza di credito sul borsellino sufficiente. Nel caso in cui tale opzione non venga compilata, sará considerata di default l'opzione "Disabilitato".
B74: -Traffico Roaming e Internazionale: selezionare una delle opzioni disponibili - "Abilitato al Roaming e chiamate Internazionali" (nel caso in cui si voglia consentire il traffico in Roaming, ovvero permettere che la SIM possa funzionare anche fuori dall'Italia e permettere alla SIM di eseguire chiamate internazionali) - "Disabilitato Roaming e abilitato a chiamate Internazionali" (nel caso in cui si voglia consentire le sole chiamate internazionali effettuate dall'Italia e impedire che la SIM funzioni fuori dall'Italia) - "Disabilitato Roaming e chiamate Internazionali" (nel caso in cui si voglia consentire solo il solo traffico Nazionale: la SIM non funzionera' fuori dall'Italia e non potrà effettuare chiamate Internazionali). Nel caso in cui tale opzione non venga compilata, sará considerata di default l'opzione "Abilitato Roaming e chiamate internazionali".
B75: -Traffico Roaming EXTRA SEE (gettoni SmartPassport): Opzione disponibile solo per SIM abilitate al Roaming (cfr. punto precedente). Selezionare Disabilitato se NON si desidera far funzionare la SIM al di fuori dello Spazio Economico Europeo. La SIM abilitata al Roaming potrà funzionare solo all'interno di SEE. Selezionare uno dei pacchetti giornalieri disponibili (si veda tabella con i possibili valori) a seconda che il pacchetto base sia Dati, Voce, Ricaricabile o Abbonamento. Tale pacchetto peremetterà alla SIM di fruire del traffico previso nel pacchetto scelto all'interno dei paesi extra SEE e si attiverà nel momento in cui la prima chiamata, connessione o messaggio verranno effettuati. É obbligatoria la scelta della ciclicità (numero di rinnovi automatici all'interno della stessa giornata da un minimo di 1 ad un massimo di 3). Nel caso in cui tale opzione non venga compilata, sará considerata di default l'opzione "Disabilitato".
C77: Campo Indicato | E77: Traffico Roaming EXTRA SEE - Caratteristiche del piano tariffario
C78: disabilitato | E78: Nel caso in cui sia stato scelto di disabilitare il traffico Roaming
C79: TM9 RD100 Smart Passport Dati Extra Europa 1 Rinnovo Abbonamento | E79: Pacchetto giornaliero VOCE e DATI (30 minuti, 30 SMS, 100 MB) per Abbonamento VOCE e DATI - 1 rinnovo nella giornata
C80: TM9 RD100 Smart Passport Dati Extra Europa 2 Rinnovi Abbonamento | E80: Pacchetto giornaliero VOCE e DATI (30 minuti, 30 SMS, 100 MB) per Abbonamento VOCE e DATI - 2 rinnovi nella giornata
C81: TM9 RD100 Smart Passport Dati Extra Europa 3 Rinnovi Abbonamento | E81: Pacchetto giornaliero VOCE e DATI (30 minuti, 30 SMS, 100 MB) per Abbonamento VOCE e DATI - 3 rinnovi nella giornata
C82: TM9 R100 Smart Passport Extra Europa 1 Rinnovo Abbonamento | E82: Pacchetto giornaliero (100 MB) per Abbonamento DATI - 1 rinnovo nella giornata
C83: TM9 R100 Smart Passport Extra Europa 2 Rinnovi Abbonamento | E83: Pacchetto giornaliero (100 MB) per Abbonamento DATI- 2 rinnovi nella giornata
C84: TM9 R100 Smart Passport Extra Europa 3 Rinnovi Abbonamento | E84: Pacchetto giornaliero (100 MB) per Abbonamento DATI- 3 rinnovi nella giornata
C85: TM9 RD100 Smart Passport Dati Extra Europa 1 Rinnovo Ricaricabile | E85: Pacchetto giornaliero VOCE e DATI (30 minuti, 30 SMS, 100 MB) per Ricaricabile VOCE e DATI - 1 rinnovo nella giornata
C86: TM9 RD100 Smart Passport Dati Extra Europa 2 Rinnovi Ricaricabile | E86: Pacchetto giornaliero VOCE e DATI (30 minuti, 30 SMS, 100 MB) per Ricaricabile VOCE e DATI - 2 rinnovi nella giornata
C87: TM9 RD100 Smart Passport Dati Extra Europa 3 Rinnovi Ricaricabile | E87: Pacchetto giornaliero VOCE e DATI (30 minuti, 30 SMS, 100 MB) per Ricaricabile VOCE e DATI- 3 rinnovi nella giornata
C88: TM9 R100 Smart Passport Extra Europa 1 Rinnovo Ricaricabile | E88: Pacchetto giornaliero (100 MB) per Ricaricabile DATI - 1 rinnovo nella giornata
... C90: TM9 R100 Smart Passport Extra Europa 3 Rinnovi Ricaricabile | E90: Pacchetto giornaliero (100 MB) per Ricaricabile DATI- 3 rinnovi nella giornata
B92: NOTA: Qualora il fabbisogno di traffico extra-roaming ecceda i pacchetti R100/RD100, ciascuna PA potrà valutare (anche ai sensi dall’ art 4 comma 5 della convenzione), le più opportune modalità previste della normativa vigente ai fini dell'implementazione.
B94: - Traffico oltre soglia DATI - Pacchetti aggiuntivi su SIM : DA NON COMPILARE per pacchetti base CONDIVISI
B95: - Sicurezza - Sicurezza Centralizzata: selezionare X se si vuole richiedere la Sicurezza Centralizzata sulla relativa Utenza (SIM). Per i dettagli sul servizio si rimanda alla Guida alla Convenzione TM9.
B96: - Ricarica Automatica: Modalita' di Ricarica (OBBLIGATORIO IN CASO DI PACCHETTO BASE RICARICABILE): selezionare solo in caso di SIM Ricaricabile la tipologia di Assenso: Tacito Assenso o Esplicito Assenso. Per evitare inaspettate interruzioni dei servizi della SIM, si consiglia vivamente di selezionare "Tacito Assenso". Nel caso in cui tale opzione non venga compilata, sará considerata di default l'opzione "Tacito Assenso".
B97: - 'TIPOLOGIA DI RICARICA OPZIONALI I seguenti servizi i hanno lo scopo di ricaricare automaticamente il borsellino al fine di coprire i costi di traffico non incluso nel pacchetto base come ad esempio SMS, MMS e Chiamate Internazionali oltre la quantita' inclusa o altre tipologie di traffico (esempio servizi a sovrappezzo qualora ne venga richiesta l'abilitazione a valle dell'attivaizone della SIM). Invece, sia il rinnovo del pacchetto base, sia il traffico Dati oltre il pacchetto base e il traffico in Roaming extra SEE che vengono erogati tramite l'attivazione dei pacchetti aggiuntivi (selezionabili nelle colonne T e U), generano automaticamente la ricarica del borsellino di importo pari al pacchetto. Qualora uno o piu' parametri relativi alle ricariche opzionali non siano correttamente popolati, oppure siano state selezionate delle ricariche incompatibii tra loro, i relativi servizi non verranno attivati. ' -Ricarica “a Frequenza” Modalità di ricarica automatica che consente di personalizzare il taglio di ricarica e la frequenza temporale per ciascuna utenza. -Tagli di ricarica. Qualunque numero intero compreso tra un minimo pari a 2.46€ € e un massimo pari a 81,97€ (IVA esclusa). -Flessibilità. È possibile prevedere una frequenza di ricarica a periodo: GG (Giorni) = 5, 10, 15, 30 a partire dal giorno di attivazione. Tutti i parametri possono essere impostati e modificati dal ROA, dopo la prima attivazione, sia tramite il Portale Web sia tramite richiesta al Customer Care. La ricarica a frequenza sarà effettuata automaticamente ogni 5, 10, 15 o 30 (valore GG) giorni dalla data di attivazione indipendentemente dal valore del credito residuo presente sull’utenza. -Ricarica “a Tempo” Modalità di ricarica automatica che consente di personalizzare il taglio di ricarica e indicare un giorno specifico in cui effettuare la ricarica per ciascuna utenza. -Tagli di ricarica. Qualunque numero intero compreso tra un minimo pari a 2.46€ € e un massimo pari a 81,97€ (IVA esclusa). -Flessibilità. È possibile prevedere una ricarica periodica mensile specificando il giorno del mese (da 1 a 28) in cui si desidera che venga erogata la ricarica. Tutti i parametri possono essere impostati e modificati dal ROA, dopo la prima attivazione, sia tramite il Portale Web sia tramite richiesta al Customer Care. La ricarica a tempo sarà effettuata automaticamente il giorno selezionato a partire dalla data di attivazione indipendentemente dal valore del credito residuo presente sull’utenza. -Ricarica “Sotto Soglia Parametrica” Modalità di ricarica automatica che consente di personalizzare la soglia, il taglio e la flessibilità temporale di ricarica per ciascuna utenza. Valore di soglia del credito residuo. intero compreso tra un minimo pari a 0€ e un massimo pari a 8.2€ (IVA esclusa). -Tagli di ricarica. Qualunque numero intero compreso tra un minimo pari a 2.46€ e un massimo pari a 81,97€ (IVA esclusa). -Flessibilità. È possibile configurare un numero massimo di ricariche erogabili nel mese pari a 1, 2, 3, 4 e 5 ai fini del controllo dei consumi. Tale modalità di ricarica parametrica prevede, al raggiungimento del valore di soglia indicato, l’accredito automatico del taglio di ricarica scelto, per un numero massimo di ricariche automatiche al mese, definibile dall’Amministrazione nell’OdF e modificabile successivamente tramite le funzionalità messe a disposizione dal Portale Web o tramite richiesta del ROA al Customer Care. -Ricarica “Sotto Soglia di Emergenza” Modalità di ricarica automatica che prevede al raggiungimento di una soglia di credito residuo di 2,05 € (IVA esclusa), l’accredito automatico di una ricarica minima per un massimo di 30 volte nel mese solare. -Tagli di ricarica. Taglio unico di ricarica previsto pari a 4.1€ (IVA esclusa). -Flessibilità. È previsto un limite massimo di 30 ricariche nel mese solare. La ricarica di emergenza è compatibile con tutte le altre modalità di ricarica ad eccezione della “Sotto Soglia Parametrica”.
B98: In caso di scelta abilitazione al traffico oltre soglia SMS, MMS e Chiamate Internazionali è fortemente consigliata l'attivazione della Ricarica Sotto Soglia di Emergenza
B99: 5) Compilare il MODULO SCORTA SIM E' necessario compilare il numero di SIM di scorta da spedire su ogni sede. Le SIM di scorta devono essere il 5% del totale delle SIM ordinate. Se la quantita' indicate nella colonna D del foglio "Scorta Sim" supera la quantita' consentita, la cella 3H si colorera' di arancione
B100: 6) Compilare il MODULO FATTURA. Solo in caso di MNP è fortemente consigliato di copiare in questa sezione del modulo, l'intestazione della fattura dell'operatore di provenienza dove siano visibili solo la ragione sociale e la PIVA dell'amministrazione. L'aggiunta di questo documento facilita le operazioni di MNP, riducendo eventuali errori sui dati che potrebbero portare ad un rifiuto della portabilità da parte dell'operatore di provenienza.

Sheet Riepilogo Utenze - Offerta
B2: Riepilogo Utenze
C5: VOCE a CATALOGO - DATI CONDIVISI | E5: Quantità | G5: TERMINALI | H5: Quantità | K5: Attivazioni Totali | L5: =COUNTA('Att. Nuove Utenze_Portabilita'!Q4:Q3050)-COUNTIF('Att. Nuove Utenze_Portabilita'!Q4:Q3050,"SIM TECNICA") -> 0 | N5: Scorta SIM | O5: =ROUNDUP(0.05*L5,0) -> 0
C6: Utenze in Abbonamento | D6: TM9 Abbonamento P5 - Condiviso Dati | E6: =COUNTIF('Att. Nuove Utenze_Portabilita'!B:W,D6) -> 0 | G6: Profilo Base - Android | H6: =SUM(Terminali!L6:L8) -> 0
C7: Utenze in Abbonamento | D7: TM9 Abbonamento P30 - Condiviso Dati | E7: =COUNTIF('Att. Nuove Utenze_Portabilita'!B:W,D7) -> 0 | G7: Profilo Intermedio - Android | H7: =SUM(Terminali!L9:L11) -> 0 | J7: di cui | K7: Portabilità MNP da altro operatore | L7: =COUNTA('Att. Nuove Utenze_Portabilita'!J4:J3050)-COUNTIF('Att. Nuove Utenze_Portabilita'!J4:J3050,"VODAFONE") -> 0 | N7: Utenze Premium | O7: =E24+E30 -> 0
C8: Utenze in Abbonamento | D8: TM9 Abbonamento P100 - Condiviso Dati | E8: =COUNTIF('Att. Nuove Utenze_Portabilita'!B:W,D8) -> 0 | G8: Profilo Top - Android | H8: =SUM(Terminali!L12:L14) -> 0
C9: Utenze in Ricaricabile | D9: TM9 Ricaricabile P5 - Condiviso Dati | E9: =COUNTIF('Att. Nuove Utenze_Portabilita'!B:W,D9) -> 0 | G9: Profilo Top -IoS | H9: =Terminali!L15 -> 0
C10: Utenze in Ricaricabile | D10: TM9 Ricaricabile P30 - Condiviso Dati | E10: =COUNTIF('Att. Nuove Utenze_Portabilita'!B:W,D10) -> 0 | G10: Profilo Premium - Android | H10: =Terminali!L20 -> 0 | J10: di cui | K10: Migrazione da contratto Vodafone esistente | L10: =COUNTIF('Att. Nuove Utenze_Portabilita'!J6:J3050,"VODAFONE") -> 0 | N10: Profilo Standard | O10: =COUNTIF('Att. Nuove Utenze_Portabilita'!E4:E3050, ELENCO!B3) -> 0
C11: Utenze in Ricaricabile | D11: TM9 Ricaricabile P100 - Condiviso Dati | E11: =COUNTIF('Att. Nuove Utenze_Portabilita'!B:W,D11) -> 0 | G11: Profilo Premium - IOS | H11: =Terminali!L21 -> 0
C12: Utenze in Abbonamento | D12: TM9 Abbonamento Dati D5 - Condiviso Dati | E12: =COUNTIF('Att. Nuove Utenze_Portabilita'!B:W,D12) -> 0 | G12: Tablet - Android | H12: =SUM(Terminali!L16:L17) -> 0
C13: Utenze in Abbonamento | D13: TM9 Abbonamento Dati D30 - Condiviso Dati | E13: =COUNTIF('Att. Nuove Utenze_Portabilita'!B:W,D13) -> 0 | G13: Tablet - IOS | H13: =Terminali!L18 -> 0 | J13: di cui | K13: Nuove Attivazioni | L13: =L5-L7-L10 -> 0
C14: Utenze in Abbonamento | D14: TM9 Abbonamento Dati D100 - Condiviso Dati | E14: =COUNTIF('Att. Nuove Utenze_Portabilita'!B:W,D14) -> 0 | G14: Modem | H14: =Terminali!L19 -> 0
C15: Utenze in Ricaricabile | D15: TM9 Ricaricabile Dati D5 - Condiviso Dati | E15: =COUNTIF('Att. Nuove Utenze_Portabilita'!B:W,D15) -> 0
C16: Utenze in Ricaricabile | D16: TM9 Ricaricabile Dati D30 - Condiviso Dati | E16: =COUNTIF('Att. Nuove Utenze_Portabilita'!B:W,D16) -> 0 | K16: Profilo Priortiario | L16: =COUNTIF('Att. Nuove Utenze_Portabilita'!E4:E3050, ELENCO!B4) -> 0
C17: Utenze in Ricaricabile | D17: TM9 Ricaricabile Dati D100 - Condiviso Dati | E17: =COUNTIF('Att. Nuove Utenze_Portabilita'!B:W,D17) -> 0
C18: VOCE a CATALOGO - SMS, MMS, Minuti ITZ CONDIVISI | E18: Quantità
C19: Utenze in Abbonamento | D19: TM9 Abbonamento P0 - Condiviso Voce | E19: =COUNTIF('Att. Nuove Utenze_Portabilita'!B:W,D19) -> 0 | K19: Sicurezza Centralizzata | L19: =COUNTIF('Att. Nuove Utenze_Portabilita'!V4:V3050,ELENCO!M3) -> 0
C20: Utenze in Abbonamento | D20: TM9 Abbonamento P5 - Condiviso Voce | E20: =COUNTIF('Att. Nuove Utenze_Portabilita'!B:W,D20) -> 0
C21: Utenze in Abbonamento | D21: TM9 Abbonamento P30 - Condiviso Voce | E21: =COUNTIF('Att. Nuove Utenze_Portabilita'!B:W,D21) -> 0
C22: Utenze in Abbonamento | D22: TM9 Abbonamento P100 - Condiviso Voce | E22: =COUNTIF('Att. Nuove Utenze_Portabilita'!B:W,D22) -> 0 | K22: Autorizzazione Dual | L22: =COUNTIF('Att. Nuove Utenze_Portabilita'!F4:F3050,ELENCO!M3) -> 0
C23: Utenze in Abbonamento | D23: TM9 Abbonamento Illimitato - Condiviso Voce | E23: =COUNTIF('Att. Nuove Utenze_Portabilita'!B:W,D23) -> 0
C24: Utenze in Abbonamento | D24: TM9 Abbonamento Premium - Condiviso Voce | E24: =COUNTIF('Att. Nuove Utenze_Portabilita'!B:W,D24) -> 0
C25: Utenze in Ricaricabile | D25: TM9 Ricaricabile P0 - Condiviso Voce | E25: =COUNTIF('Att. Nuove Utenze_Portabilita'!B:W,D25) -> 0 | K25: Terminali Totali | L25: =SUM(H6:H14) -> 0
C26: Utenze in Ricaricabile | D26: TM9 Ricaricabile P5 - Condiviso Voce | E26: =COUNTIF('Att. Nuove Utenze_Portabilita'!B:W,D26) -> 0
C27: Utenze in Ricaricabile | D27: TM9 Ricaricabile P30 - Condiviso Voce | E27: =COUNTIF('Att. Nuove Utenze_Portabilita'!B:W,D27) -> 0
C28: Utenze in Ricaricabile | D28: TM9 Ricaricabile P100 - Condiviso Voce | E28: =COUNTIF('Att. Nuove Utenze_Portabilita'!B:W,D28) -> 0 | G28: Eventuali altri servizi acquistati non relativi alle Utenze SIM richiedono la compilazione degli specifici Moduli (SMS Massivi, Fleet Management, Potenziamento Copertura, EMM, Accesso LAN, Servizi di Sviluppo e Integrazione)
C29: Utenze in Ricaricabile | D29: TM9 Ricaricabile Illimitato - Condiviso Voce | E29: =COUNTIF('Att. Nuove Utenze_Portabilita'!B:W,D29) -> 0
C30: Utenze in Ricaricabile | D30: TM9 Ricaricabile Premium - Condiviso Voce | E30: =COUNTIF('Att. Nuove Utenze_Portabilita'!B:W,D30) -> 0
C31: VOCE a CATALOGO - SMS, MMS, Minuti ITZ + DATI CONDIVISI | E31: Quantità
C32: Utenze in Abbonamento | D32: TM9 Abbonamento P5 - Condiviso Voce+Dati | E32: =COUNTIF('Att. Nuove Utenze_Portabilita'!B:W,D32) -> 0
C33: Utenze in Abbonamento | D33: TM9 Abbonamento P30 - Condiviso Voce+Dati | E33: =COUNTIF('Att. Nuove Utenze_Portabilita'!B:W,D33) -> 0
C34: Utenze in Abbonamento | D34: TM9 Abbonamento P100 - Condiviso Voce+Dati | E34: =COUNTIF('Att. Nuove Utenze_Portabilita'!B:W,D34) -> 0
C35: Utenze in Ricaricabile | D35: TM9 Ricaricabile P5 - Condiviso Voce+Dati | E35: =COUNTIF('Att. Nuove Utenze_Portabilita'!B:W,D35) -> 0
C36: Utenze in Ricaricabile | D36: TM9 Ricaricabile P30 - Condiviso Voce+Dati | E36: =COUNTIF('Att. Nuove Utenze_Portabilita'!B:W,D36) -> 0
C37: Utenze in Ricaricabile | D37: TM9 Ricaricabile P100 - Condiviso Voce+Dati | E37: =COUNTIF('Att. Nuove Utenze_Portabilita'!B:W,D37) -> 0

Sheet Dati generali
B1: Per i campi con * si richiede valorizzazione obbligatoria da parte dell'Amministrazione
B2: Modulo Dati Generali
C4: ORDINE CHE RICHIEDE NUOVO CODICE CLIENTE (codice Vodafone della PA univoco per ogni anagrafica di fatturazione) Selezionare SI se si tratta del primo ordine TM9 oppure di ordini successivi ma per i quali è richiesta la creazione di un nuovo CODICE CLIENTE, per generare una fatturazione separata dagli altri CODICI CLIENTE TM9 della PA esistenti Selezione NO per ordini relativi a CODICI CLIENTE TM9 esistenti (in questo caso è obbligatorio compilare il CODICE CLIENTE) | E4: SI
C6: Nr. Identificativo Ordine * Ordine diretto di acquisto al quale si riferisce il presente allegato
C8: RAGIONE SOCIALE * Ragione Sociale dell'Ammnistrazione
C10: CODICE CLIENTE Codice Vodafone della PA univoco per ogni anagrafica di fatturazione (esempio 7.1234567.20). OBBLIGATORIO in caso di Ordini relativi a CODICE CLIENTE TM9 esistenti
C12: Esenzione Tassa di concessione Governativa * | E12: NO
C13: non c’è alcun addebito della tassa; si ricorda che – ai sensi della risoluzione dell’Agenzia delle Entrate n. 55/E del 3 maggio 2005 – risultano soggette alla tassa sopraindicata “tutte le amministrazioni pubbliche diverse da quelle statali, vale a dire quelle non riconducibili allo Stato titolare di ogni diritto e facoltà”. Ai fini della non applicazione della Tassa di Concessione Governativa, l’Amministrazione deve fornire la documentazione atta a comprovare la non applicabilità della medesima.
C15: Ritenuta 0.5% * | E15: NO
C17: Split Payment * | E17: NO
C19: Regime IVA * | E19: 0.22
C21: Da attivare alla consegna * Come previsto in “Guida alla Convenzione” le SIM con MNP saranno attivate a seguito di una specifica richiesta di attivazione del ROA verso il Contact Center o da portale WEB. Indicare la preferenza per le SIM senza MNP: •Selezionare SI per attivazione alla consegna: le SIM senza MNP saranno attivate nel momento in cui verrà confermata la consegna presso la sede richiesta. •Selezionare NO per attivazione su richiesta: le SIM senza MNP saranno attivate a seguito della richiesta di attivazione del ROA al Contact Center o da portale WEB. In caso di un numero consistente di SIM con MNP (esempio >100), Vodafone si riserva di adottare il flusso di MNP "progetto ad hoc", salvo diversi accordi con l'Amministrazione. | E21: SI
C25: RESPONSABILE OPERATIVO AMMINISTRAZIONE *:
C26: Nome *
C28: Cognome *
C30: Indirzzo e-mail *
C32: Numero di Telefono *
C35: REFERENTE TECNICO per Sicurezza Centralizzata (Campo obbligario in caso di richiesta servizio Sicurezza Centralizzata)
C36: Nome *
C38: Cognome *
C40: Indirzzo e-mail *
C42: Numero di Telefono *
C46: IL Responsabile Opertativo dell'amministrazione (ROA) è il responsabile di tutte le attività di interfaccia operativa tra Amminitrazione e Fornitore previste nel capitolato della convenzione CONSIP TM9. A tal fine l’Amministrazione manifesta a Vodafone la volonta’ di poter richiedere, tramite la persona indicata come ROA (Responsabile Operativo Amministrazione), la variazione dei servizi e opzioni tariffarie nei limiti ed alle condizioni previste dalla Convenzione cd. TM9, mediante: 1) la sottoscrizione da parte della medesima persona (ROA) della modulistica di volta in volta sottoposta da Vodafone; 2) messaggi di posta elettronica provenienti dagll’indirizzo appartenente alla medesima persona all`indirizzo comunicato da Vodafone; 3) l`accesso da parte della stessa al Sito Web www.vodafone.it, tramite login e password. Tutto ciò premesso: • L’Amministrazione potrà effettuare tutte le attività di cui sopra, mediante la sottoscrizione dei moduli necessari, l`invio di messaggi di posta elettronica e l`accesso al sito web da parte del ROA • L’Amministrazione riconosce sin d`ora come propria, pienamente valida ed efficace ogni e qualsivoglia richiesta indirizzata a Vodafone e proveniente dalla persona indicata come ROA, fino a, e fatta salva la comunicazione per iscritto della revoca della delega conferita; • L’Amministrazione si impegna sin d’ora a tenere Vodafone indenne e manlevata da qualsiasi contestazione, domanda e qualsivoglia richiesta di risarcimento dei danni conseguente alle variazioni e attivazioni effettuate dalla persona indicata come ROA
C48: Il rappresentante delegato della Pubblica Amministrazione con potere di firma (Punto Ordinante) , avendo acquisito l’autorizzazione del titolare delle sim a gestire le richieste di portabilità sulla Rete Mobile di Vodafone, in conformità a quanto previsto dalla Delibera 147/11/CIR come modificata dalla Delibera n. 86/21/CIR in materia di portabilità, delega Vodafone Italia S.p.A. a richiedere all'operatore di provenienza la disattivazione delle SIM indicate a condizione che la richiesta di portabilità del numero verso Vodafone Italia S.p.A. vada a buon fine. In caso di abbonamento ciò implica formale recesso dal rapporto contrattuale attualmente in essere con l’Operatore di Provenienza, fatti salvi gli obblighi dell'azienda derivanti dallo stesso contratto. In caso di richiesta di Portabilità relativa ad utenze, prepagate l’eventuale traffico prepagato residuo fornito dall'Operatore di Provenienza non potrà essere trasferito sulle nuove SIM Vodafone Ricaricabili o Abbonamento.
... C51: Vodafone eroga il servizio Sicurezza Centralizzata in qualità di Responsabile del trattamento dati avvalendosi di società subresponsabili. Per la nomina Vodafone al trattamento dei dati è necessario utilizzare l'apposito format disponibile sul portale Acquisti in Rete da allegare a questo ordine.

Sheet Elenco Sedi
B3: Elenco sedi di spedizione/consegna SIM e Terminali
C6: NUMERO SEDE di CONSEGNA | D6: DENOMINAZIONE | E6: INDIRIZZO | F6: CAP | G6: COMUNE | H6: PROVINCIA | I6: REFERENTE SEDE (Nome e Cognome) | J6: TELEFONO | K6: E-MAIL
C7: 1
C8: 2
C9: 3
C10: 4
C11: 5
C12: 6
C13: 7
C14: 8
C15: 9
C16: 10
C17: 11
C18: 12
... C106: 100

Sheet Terminali
C3: COMPILARE (Tabella sottostante - Tipologia) | G3: Non CompilareTabella sottostante
C5: TIPOLOGIA TERMINALE | D5: QUANTITA' | E5: NUMERO SEDE DI CONSEGNA | G5: Tipologia Utenza | H5: Tipologia Terminale | I5: Marca Terminale | J5: Modello Terminale | K5: Codice identificativo Terminale | L5: Riepilogo Quantita' | O5: QuantitàTerminali Standard/Prioritaria | Q5: Quantità Utenze Standard/Prioritaria
G6: Standard/Prioritaria | H6: Profilo Base - Android brand 1 | I6: Samsung | J6: Samsung A33 5G EE | K6: 13024390 | L6: =SUMIF(($C$6:$C$1697),H6,($D$6:$D$1697)) -> 0 | O6: =SUM(L6:L19) -> 0 | Q6: ='Riepilogo Utenze - Offerta'!L5-'Riepilogo Utenze - Offerta'!E11-'Riepilogo Utenze - Offerta'!E24 -> 0
H7: Profilo Base - Android brand 2 | I7: Honor | J7: Honor Magic 5 Lite 5G | K7: 13024397 | L7: =SUMIF(($C$6:$C$1697),H7,($D$6:$D$1697)) -> 0
H8: Profilo Base - Android brand 3 | I8: Motorola | J8: Motorola G62 5G | K8: 13024401 | L8: =SUMIF(($C$6:$C$1697),H8,($D$6:$D$1697)) -> 0
H9: Profilo Intermedio - Android brand 1 | I9: Samsung | J9: Samsung A34 5G 8-256GB EE | K9: 13024384 | L9: =SUMIF(($C$6:$C$1697),H9,($D$6:$D$1697)) -> 0
H10: Profilo Intermedio - Android brand 2 | I10: Honor | J10: Honor 90 Lite | K10: 13024398 | L10: =SUMIF(($C$6:$C$1697),H10,($D$6:$D$1697)) -> 0 | O10: Quantità Terminali Premium | Q10: Quantità Utenze Premium
H11: Profilo Intermedio - Android brand 3 | I11: Motorola | J11: Motorola Edge 30 | K11: 13024402 | L11: =SUMIF(($C$6:$C$1697),H11,($D$6:$D$1697)) -> 0
H12: Profilo Top - Android brand 1 | I12: Samsung | J12: Samsung A53 256GB 5G EE | K12: 13024385 | L12: =SUMIF(($C$6:$C$1697),H12,($D$6:$D$1697)) -> 0 | O12: =SUM(L20:L21) -> 0 | Q12: ='Riepilogo Utenze - Offerta'!E11+'Riepilogo Utenze - Offerta'!E24 -> 0
H13: Profilo Top - Android brand 2 | I13: Oppo | J13: Oppo Reno 10 | K13: 13024400 | L13: =SUMIF(($C$6:$C$1697),H13,($D$6:$D$1697)) -> 0
H14: Profilo Top - Android brand 3 | I14: Honor | J14: Honor 90 | K14: 13024399 | L14: =SUMIF(($C$6:$C$1697),H14,($D$6:$D$1697)) -> 0
H15: Profilo Top - IoS | I15: Apple | J15: iPhone 13 256GB | K15: 13024391 | L15: =SUMIF(($C$6:$C$1697),H15,($D$6:$D$1697)) -> 0
H16: Tablet - Android brand 1 | I16: Samsung | J16: Samsung Galaxy Tab S9 5G 256GB EE | K16: 13024388 | L16: =SUMIF(($C$6:$C$1697),H16,($D$6:$D$1697)) -> 0
H17: Tablet - Android brand 2 | I17: Lenovo | J17: Lenovo Tab P11 5G | K17: 13024387 | L17: =SUMIF(($C$6:$C$1697),H17,($D$6:$D$1697)) -> 0
H18: Tablet - IOS | I18: Apple | J18: iPad 10 gen 256GB | K18: 13024395 | L18: =SUMIF(($C$6:$C$1697),H18,($D$6:$D$1697)) -> 0
H19: Modem | I19: ZTE | J19: Vodafone Giga To Go | K19: 13023672 | L19: =SUMIF(($C$6:$C$1697),H19,($D$6:$D$1697)) -> 0
G20: Premium | H20: Profilo Premium - Android | I20: Samsung | J20: Samsung S22 Ultra 256GB EE | K20: 13024389 | L20: =SUMIF(($C$6:$C$1697),H20,($D$6:$D$1697)) -> 0
H21: Profilo Premium - IOS | I21: Apple | J21: iPhone 15 Pro 512GB | K21: 13024393 | L21: =SUMIF(($C$6:$C$1697),H21,($D$6:$D$1697)) -> 0

Sheet Att. Nuove Utenze_Portabilita
B2: DATI ANAGRAFICI | C2: UTENZE | H2: UTENZA DATI Secondaria | J2: Dati per la Portabilità e Migrazione | Q2: Dati Offerta Mobile | V2: Sicurezza | W2: Ricarica Automatica | X2: Ricariche Automatiche Opzionali
B3: Numero Sede di Consegna | C3: Seriale SIM Vodafone (fornito da Vodafone - da non compilare) | D3: Numero di telefono (fornito da Vodafone - da non compilare) | E3: Tipo Profilo Utenza (Standard, Prioritaria) | F3: Richiesta autorizzazione Dual Dipendente | G3: Etichetta SIM (compilare con numero di telefono in caso di portabilita' o migrazione da precedente contratto Vodafone) | H3: SIM DATI Secondaria | I3: Etichetta SIM DATI Secondaria (campo compilato in automatico) | J3: Operatore di Provenienza | K3: Numero di Telefono da importare o migrare | L3: Seriale SIM attuale (da compilare solo in caso di migrazione da utenze private Vodafone) | M3: Codice Fiscale/P.IVA | N3: Nome Cognome/ Rag. Sociale | O3: Tipo documento di identità | P3: Numero documento di identità | Q3: Pacchetto Base | R3: Traffico oltre soglia MINUTI ITZ e SMS - a consumo | S3: Traffico Roaming ed Internazionale | T3: Traffico Roaming EXTRA SEE (gettoni di traffico SmartPassport) | U3: Traffico oltre soglia DATI - Pacchetti aggiuntivi su SIM (non disponibile per i Pacchetti Base Condivisi) | V3: Sicurezza Centralizzata | W3: Modalità di Ricarica per SIM RICARICABILE (Tacito Assenso, Esplicito Assenso) | X3: Ricarica a frequenza Frequenza di ricarica (gg) | Y3: Ricarica a frequenza Taglio di ricarica (€) | Z3: Ricarica a Tempo Frequenza di ricarica (gg) | AA3: Ricarica a Tempo Taglio ricarica (€) | AB3: Ricarica sotto soglia parametrica Valore soglia (€) | AC3: Ricarica sotto soglia parametrica Taglio ricarica (€) | AD3: Ricarica sotto soglia parametrica Ricariche nel mese | AE3: Ricarica di Emergenza Taglio ricarica (€) | AF3: Ricarica "Una Tantum"
E4: "" | G4: SIM TECNICA | Q4: SIM TECNICA | R4: "SIM TECNICA | S4: "SIM TECNICA | T4: "SIM TECNICA | U4: "SIM TECNICA
I5: =IF(H5="X",TEXT(G5,0)&ELENCO!$A$4," ") | W5: =IF(AND(NOT(ISERROR(SEARCH("Ricaricabile",Q5,1)))),"Tacito Assenso","") | AE5: =IF(AND(NOT(ISERROR(SEARCH("Ricaricabile",Q5,1))),R5="Abilitato"),IF(SUM(AB5:AD5)=0,4.1,""),"")
I6: =IF(H6="X",TEXT(G6,0)&ELENCO!$A$4," ") | W6: =IF(AND(NOT(ISERROR(SEARCH("Ricaricabile",Q6,1)))),"Tacito Assenso","") | AE6: =IF(AND(NOT(ISERROR(SEARCH("Ricaricabile",Q6,1))),R6="Abilitato"),IF(SUM(AB6:AD6)=0,4.1,""),"")
I7: =IF(H7="X",TEXT(G7,0)&ELENCO!$A$4," ") | W7: =IF(AND(NOT(ISERROR(SEARCH("Ricaricabile",Q7,1)))),"Tacito Assenso","") | AE7: =IF(AND(NOT(ISERROR(SEARCH("Ricaricabile",Q7,1))),R7="Abilitato"),IF(SUM(AB7:AD7)=0,4.1,""),"")
I8: =IF(H8="X",TEXT(G8,0)&ELENCO!$A$4," ") | W8: =IF(AND(NOT(ISERROR(SEARCH("Ricaricabile",Q8,1)))),"Tacito Assenso","") | AE8: =IF(AND(NOT(ISERROR(SEARCH("Ricaricabile",Q8,1))),R8="Abilitato"),IF(SUM(AB8:AD8)=0,4.1,""),"")
I9: =IF(H9="X",TEXT(G9,0)&ELENCO!$A$4," ") | W9: =IF(AND(NOT(ISERROR(SEARCH("Ricaricabile",Q9,1)))),"Tacito Assenso","") | AE9: =IF(AND(NOT(ISERROR(SEARCH("Ricaricabile",Q9,1))),R9="Abilitato"),IF(SUM(AB9:AD9)=0,4.1,""),"")
I10: =IF(H10="X",TEXT(G10,0)&ELENCO!$A$4," ") | W10: =IF(AND(NOT(ISERROR(SEARCH("Ricaricabile",Q10,1)))),"Tacito Assenso","") | AE10: =IF(AND(NOT(ISERROR(SEARCH("Ricaricabile",Q10,1))),R10="Abilitato"),IF(SUM(AB10:AD10)=0,4.1,""),"")
I11: =IF(H11="X",TEXT(G11,0)&ELENCO!$A$4," ") | W11: =IF(AND(NOT(ISERROR(SEARCH("Ricaricabile",Q11,1)))),"Tacito Assenso","") | AE11: =IF(AND(NOT(ISERROR(SEARCH("Ricaricabile",Q11,1))),R11="Abilitato"),IF(SUM(AB11:AD11)=0,4.1,""),"")
I12: =IF(H12="X",TEXT(G12,0)&ELENCO!$A$4," ") | W12: =IF(AND(NOT(ISERROR(SEARCH("Ricaricabile",Q12,1)))),"Tacito Assenso","") | AE12: =IF(AND(NOT(ISERROR(SEARCH("Ricaricabile",Q12,1))),R12="Abilitato"),IF(SUM(AB12:AD12)=0,4.1,""),"")
I13: =IF(H13="X",TEXT(G13,0)&ELENCO!$A$4," ") | W13: =IF(AND(NOT(ISERROR(SEARCH("Ricaricabile",Q13,1)))),"Tacito Assenso","") | AE13: =IF(AND(NOT(ISERROR(SEARCH("Ricaricabile",Q13,1))),R13="Abilitato"),IF(SUM(AB13:AD13)=0,4.1,""),"")
I14: =IF(H14="X",TEXT(G14,0)&ELENCO!$A$4," ") | W14: =IF(AND(NOT(ISERROR(SEARCH("Ricaricabile",Q14,1)))),"Tacito Assenso","") | AE14: =IF(AND(NOT(ISERROR(SEARCH("Ricaricabile",Q14,1))),R14="Abilitato"),IF(SUM(AB14:AD14)=0,4.1,""),"")
I15: =IF(H15="X",TEXT(G15,0)&ELENCO!$A$4," ") | W15: =IF(AND(NOT(ISERROR(SEARCH("Ricaricabile",Q15,1)))),"Tacito Assenso","") | AE15: =IF(AND(NOT(ISERROR(SEARCH("Ricaricabile",Q15,1))),R15="Abilitato"),IF(SUM(AB15:AD15)=0,4.1,""),"")
I16: =IF(H16="X",TEXT(G16,0)&ELENCO!$A$4," ") | W16: =IF(AND(NOT(ISERROR(SEARCH("Ricaricabile",Q16,1)))),"Tacito Assenso","") | AE16: =IF(AND(NOT(ISERROR(SEARCH("Ricaricabile",Q16,1))),R16="Abilitato"),IF(SUM(AB16:AD16)=0,4.1,""),"")
... I3051: =IF(H3051="X",TEXT(G3051,0)&ELENCO!$A$4," ") | W3051: =IF(AND(NOT(ISERROR(SEARCH("Ricaricabile",Q3051,1)))),"Tacito Assenso","") | AE3051: =IF(AND(NOT(ISERROR(SEARCH("Ricaricabile",Q3051,1))),R3051="Abilitato"),IF(SUM(AB3051:AD3051)=0,4.1,""),"")

Sheet Scorta SIM
C2: Compilare il numero di SIM di scorta da spedire su ogni sede. Le SIM di scorta devono essere il 5% del totale delle SIM ordinate e la cella H3 indica il numero di SIM di scorta totali da spedire.
C3: SCORTA SIM su base SEDE | E3: Totale scorta SIM richieste sulle diverse sedi | G3: Scorta SIM da spedire (5% delle SIM ordinate) | H3: ='Riepilogo Utenze - Offerta'!O5 -> 0
C4: Numero Sede di Consegna | D4: Quantita' | E4: =SUM($D$5:$D$99) -> 0

Sheet FATTURA
A1: IN CASO DI MNP INCOLLARE QUI L'INTESTAZIONE DELL'ULTIMA FATTURA FORNITA DA OPERATORE DONATING

Sheet ELENCO
BS1: Sigla
B2: Tipo Utenza | C2: Autorizzazione Dual | D2: Pacchetto Base | E2: SIM DATI SEC | F2: Traffico oltre soglia internazionale (Minuti Internazionali ed SMS) | G2: Traffico Roaming e Internazionale | H2: Traffico Roaming EXTRA SEE | I2: Traffico oltre soglia dati | J2: Tipo documento identita' | K2: Terminali Premium | L2: Terminali Standard/Prioritaria | M2: Sicurezza Centralizzata | N2: SIM DATI SECONDARIA | O2: Modalita' di Ricarica | P2: Ricarica a frequenza Frequenza di ricarica (gg) | Q2: Ricarica a frequenza (€) Taglio di ricarica (gg) | R2: Ricarica a Tempo Frequenza di ricarica (gg) | S2: Ricarica a Tempo Taglio di ricarica (€) | T2: Ricarica sotto soglia parametrica Valore soglia (€) | U2: Ricarica sotto soglia parametrica Taglio ricarica (€) | V2: Ricarica sotto soglia parametrica Ricariche nel mese | W2: Ricarica d'emergenza Taglio ricarica (€) | X2: OPERATORE | Z2: Esenzione Tassa Gv. | AA2: Ritenuta 0.5% | AB2: Split Payment | AC2: Regime IVA | AD2: Da attivare alla consegna | AF2: Tipo documento di identita' | AH2: Pacchetti Utenze Standard o Prioritaria Voce/Dati | AI2: Pacchetti Utenze Premium Voce/Dati | AJ2: Traffico Roaming EXTRA SEE (VOCE) | AK2: Traffico Roaming EXTRA SEE (DATI) | AN2: VOCE - Traffico Roaming EXTRA SEE (gettoni di traffico SmartPassport) | AO2: TIPOLOGIA | AS2: DATI - Traffico Roaming EXTRA SEE (gettoni di traffico SmartPassport) | AT2: TIPOLOGIA | AX2: DATI - Traffico Roaming EXTRA SEE (gettoni di traffico SmartPassport) | BB2: Traffico oltre soglia dati Ricaricabile/Abbonamento | BC2: TIPOLOGIA | BF2: Traffico oltre soglia dati ricaricabile abbonamento | BH2: Pacchetti Utenze Prioritarie Voce/Dati | BS2: AG
A3: SIM TECNICA | B3: Standard | C3: X | D3: TM9 Abbonamento P0 | E3: TM9 - ABB - P0 | F3: Abilitato | G3: Abilitato al Roaming e chiamate Internazionali | H3: disabilitato | I3: Disabilitato | J3: Carta Identita | K3: Profilo Premium - Android | L3: Profilo Base - Android brand 1 | M3: X | N3: X | O3: Tacito Assenso | P3: 5 | Q3: 2.46 | R3: 1 | S3: 2.46 | T3: 0 | U3: 2.46 | V3: 1 | W3: 4.1 | X3: VODAFONE | Z3: NO | AA3: NO | AB3: NO | AC3: esente IVA | AD3: NO | AE3: SI | AF3: Carta d'identità | AH3: TM9 Abbonamento Illimitato - Condiviso Voce | AI3: TM9 Abbonamento Premium - Condiviso Voce | AJ3: Disabilitato | AK3: Disabilitato | AM3: TM9 Abbonamento P5 - Condiviso Dati | AN3: Disabilitato | AO3: VA | AR3: TM9 Abbonamento Dati D5 | AS3: Disabilitato | AT3: DA | AX3: TM9 RD100 Smart Passport Dati Extra Europa 1 Rinnovo Abbonamento | AY3: Piani DATI | AZ3: ABB | BB3: Disabiliatato | BC3: KO_D30_D10_ABB_RIC | BF3: disabilitato | BH3: TM9 Abbonamento P0 | BI3: disabilitato | BO3: TM9 Abbonamento P5 - Condiviso Dati | BS3: AL
A4: _2 | B4: Prioritaria | C4: N.A. | D4: TM9 Abbonamento P5 | E4: TM9 - ABB - PP | F4: Disabilitato | G4: Disabilitato Roaming e abilitato a chiamate Internazionali | H4: TM9 P5 Pacchetto_giornaliero_R100 Smart Passport Extra Europa 1 Rinnovo Abbonamento | I4: TM9 - D30 - 1rinnovo Extra Abbonamento | J4: Passaporto | K4: Profilo Premium - IOS | L4: Profilo Base - Android brand 2 | N4: N.A. | O4: Esplicito Assenso | P4: 10 | Q4: 3.28 | R4: 2 | S4: 3.28 | T4: 0.82 | U4: 3.28 | V4: 2 | W4: =IF(Ricarica_di_Emergenza_Taglio_ricarica=4.1,"",33) | X4: TIM | Y4: TIM | Z4: SI | AA4: SI | AB4: SI | AC4: 0.22 | AD4: SI | AE4: NO | AF4: Passaporto | AH4: TM9 Abbonamento P100 - Condiviso Voce | AI4: TM9 Ricaricabile Premium - Condiviso Voce | AJ4: TM9 P0 Pacchetto_giornaliero_R100 Smart Passport Extra Europa 1 Rinnovo Abbonamento | AK4: TM9 D0 Pacchetto_giornaliero_RD100 Smart Passport Extra Europa 1 Rinnovo Ricaricabile | AN4: TM9 R100 Smart Passport Extra Europa 1 Rinnovo Abbonamento | AO4: VA | AS4: TM9 RD100 Smart Passport Dati Extra Europa 1 Rinnovo Abbonamento | AT4: DA | AX4: TM9 RD100 Smart Passport Dati Extra Europa 2 Rinnovi Abbonamento | AY4: Piani DATI | AZ4: ABB | BF4: TM9 - D30 - 1rinnovo Extra Abbonamento | BH4: TM9 Abbonamento P5 | BO4: TM9 Abbonamento P30 - Condiviso Dati | BS4: AN
B5: Pacchetto Premium | D5: TM9 Abbonamento P30 | E5: TM9 - RIC - P0 | F5: N.A. | G5: Disabilitato Roaming e chiamate Internazionali | H5: TM9 P5 Pacchetto_giornaliero_R100 Smart Passport Extra Europa 2 Rinnovi Abbonamento | I5: TM9 - D30 - 2rinnovi Extra Abbonamento | J5: Patente | L5: Profilo Base - Android brand 3 | P5: 15 | Q5: 4.1 | R5: 3 | S5: 4.1 | T5: 1.64 | U5: 4.1 | V5: 3 | X5: 1 MOBILE | AF5: Patente | AH5: TM9 Abbonamento P30 - Condiviso Voce | AJ5: TM9 P0 Pacchetto_giornaliero_R100 Smart Passport Extra Europa 2 Rinnovi Abbonamento | AK5: TM9 D0 Pacchetto_giornaliero_RD100 Smart Passport Extra Europa 2 Rinnovi Ricaricabile | AN5: TM9 R100 Smart Passport Extra Europa 2 Rinnovi Abbonamento | AO5: VA | AS5: TM9 RD100 Smart Passport Dati Extra Europa 2 Rinnovi Abbonamento | AT5: DA | AX5: TM9 RD100 Smart Passport Dati Extra Europa 3 Rinnovi Abbonamento | AY5: Piani DATI | AZ5: ABB | BA5: TM9 Abbonamento P5 | BB5: Disabiliatato | BC5: D30_ABB | BF5: TM9 - D30 - 2rinnovi Extra Abbonamento | BH5: TM9 Abbonamento P30 | BO5: TM9 Abbonamento P100 - Condiviso Dati | BS5: AO
A6: =_xlfn.CONCAT('Att. Nuove Utenze_Portabilita'!#REF!,ELENCO!A4) -> #REF! | D6: TM9 Abbonamento P100 | E6: TM9 - RIC - PP | H6: TM9 P5 Pacchetto_giornaliero_R100 Smart Passport Extra Europa 3 Rinnovi Abbonamento | I6: TM9 - D30 - 3rinnovi Extra Abbonamento | L6: Profilo Intermedio - Android brand 1 | N6: SIM DATI SECONDARIA | P6: 30 | Q6: 4.92 | R6: 4 | S6: 4.92 | T6: 2.46 | U6: 4.92 | V6: 4 | X6: 2appy Afinna One | AH6: TM9 Abbonamento P5 - Condiviso Voce | AJ6: TM9 P0 Pacchetto_giornaliero_R100 Smart Passport Extra Europa 3 Rinnovi Abbonamento | AK6: TM9 D0 Pacchetto_giornaliero_RD100 Smart Passport Extra Europa 3 Rinnovi Ricaricabile | AN6: TM9 R100 Smart Passport Extra Europa 3 Rinnovi Abbonamento | AO6: VA | AS6: TM9 RD100 Smart Passport Dati Extra Europa 3 Rinnovi Abbonamento | AT6: DA | AX6: TM9 R100 Smart Passport Extra Europa 1 Rinnovo Abbonamento | AY6: Piani VOCE+DATI | AZ6: ABB | BA6: TM9 Abbonamento P30 | BB6: TM9 - D30 - 1rinnovo Extra Abbonamento | BC6: D30_ABB | BF6: TM9 - D30 - 3rinnovi Extra Abbonamento | BH6: TM9 Abbonamento P100 | BO6: TM9 Abbonamento Illimitato - Condiviso Dati | BS6: AQ
D7: TM9 Abbonamento Illimitato | E7: TM9 - ABB - D30 (30GB) | H7: TM9 P30 Pacchetto_giornaliero_R100 Smart Passport Extra Europa 1 Rinnovo Abbonamento | I7: TM9 - D30 - 4rinnovi Extra Abbonamento | L7: Profilo Intermedio - Android brand 2 | N7: X | Q7: 5.74 | R7: 5 | S7: 5.74 | T7: 3.28 | U7: 5.74 | V7: 5 | X7: BRITISH TELECOM | AH7: TM9 Abbonamento P0 - Condiviso Voce | AJ7: TM9 P5 Pacchetto_giornaliero_R100 Smart Passport Extra Europa 1 Rinnovo Abbonamento | AK7: TM9 D5 Pacchetto_giornaliero_RD100 Smart Passport Extra Europa 1 Rinnovo Ricaricabile | AM7: TM9 Abbonamento P30 - Condiviso Dati | AN7: Disabilitato | AO7: VB | AR7: TM9 Abbonamento Dati D30 | AS7: Disabilitato | AT7: DB | AX7: TM9 R100 Smart Passport Extra Europa 2 Rinnovi Abbonamento | AY7: Piani VOCE+DATI | AZ7: ABB | BA7: TM9 Abbonamento Dati D5 | BB7: TM9 - D30 - 2rinnovi Extra Abbonamento | BC7: D30_ABB | BF7: TM9 - D30 - 4rinnovi Extra Abbonamento | BH7: TM9 Abbonamento Illimitato | BI7: disabilitato | BO7: TM9 Abbonamento Premium - Condiviso Dati | BS7: AR
D8: TM9 Abbonamento Premium | E8: TM9 - ABB - D100 (100GB) | H8: TM9 P30 Pacchetto_giornaliero_R100 Smart Passport Extra Europa 2 Rinnovi Abbonamento | I8: TM9 - D30 - rinnovi illimitati Extra Abbonamento | L8: Profilo Intermedio - Android brand 3 | N8: N.A. | Q8: 6.56 | R8: 6 | S8: 6.56 | T8: 4.1 | U8: 6.56 | X8: BT ENIA MOBILE | AH8: TM9 Ricaricabile Illimitato - Condiviso Voce | AJ8: TM9 P5 Pacchetto_giornaliero_R100 Smart Passport Extra Europa 2 Rinnovi Abbonamento | AK8: TM9 D5 Pacchetto_giornaliero_RD100 Smart Passport Extra Europa 2 Rinnovi Ricaricabile | AN8: TM9 R100 Smart Passport Extra Europa 1 Rinnovo Abbonamento | AO8: VB | AS8: TM9 RD100 Smart Passport Dati Extra Europa 1 Rinnovo Abbonamento | AT8: DB | AX8: TM9 R100 Smart Passport Extra Europa 3 Rinnovi Abbonamento | AY8: Piani VOCE+DATI | AZ8: ABB | BA8: TM9 Abbonamento Dati D30 | BB8: TM9 - D30 - 3rinnovi Extra Abbonamento | BC8: D30_ABB | BF8: TM9 - D30 - rinnovi illimitati Extra Abbonamento | BH8: TM9 Abbonamento Premium | BI8: disabilitato | BO8: TM9 Ricaricabile P5 - Condiviso Dati | BS8: AP
D9: TM9 Ricaricabile P0 | E9: TM9 - ABB - DI (dati illimitati) | H9: TM9 P30 Pacchetto_giornaliero_R100 Smart Passport Extra Europa 3 Rinnovi Abbonamento | I9: TM9 - D100 - 1rinnovo Extra Abbonamento | L9: Profilo Top - Android brand 1 | N9: X | Q9: 7.38 | R9: 7 | S9: 7.38 | T9: 4.92 | U9: 7.38 | X9: BT Italia FULL MVNO | AH9: TM9 Ricaricabile P100 - Condiviso Voce | AJ9: TM9 P5 Pacchetto_giornaliero_R100 Smart Passport Extra Europa 3 Rinnovi Abbonamento | AK9: TM9 D5 Pacchetto_giornaliero_RD100 Smart Passport Extra Europa 3 Rinnovi Ricaricabile | AN9: TM9 R100 Smart Passport Extra Europa 2 Rinnovi Abbonamento | AO9: VB | AS9: TM9 RD100 Smart Passport Dati Extra Europa 2 Rinnovi Abbonamento | AT9: DB | AX9: TM9 RD100 Smart Passport Dati Extra Europa 1 Rinnovo Ricaricabile | AY9: Piani DATI | AZ9: RIC | BB9: TM9 - D30 - 4rinnovi Extra Abbonamento | BC9: D30_ABB | BF9: TM9 - D100 - 1rinnovo Extra Abbonamento | BH9: TM9 Ricaricabile P0 | BI9: disabilitato | BO9: TM9 Ricaricabile P30 - Condiviso Dati | BS9: AT
D10: TM9 Ricaricabile P5 | E10: TM9 - RIC - D30 (30GB) | H10: TM9 P100 Pacchetto_giornaliero_R100 Smart Passport Extra Europa 1 Rinnovo Abbonamento | I10: TM9 - D100 - 2rinnovi Extra Abbonamento | L10: Profilo Top - Android brand 2 | Q10: 8.2 | R10: 8 | S10: 8.2 | T10: 5.74 | U10: 8.2 | X10: CMLink Italy | AH10: TM9 Ricaricabile P30 - Condiviso Voce | AJ10: TM9 P100 Pacchetto_giornaliero_R100 Smart Passport Extra Europa 1 Rinnovo Abbonamento | AK10: TM9 D100 Pacchetto_giornaliero_RD100 Smart Passport Extra Europa 1 Rinnovo Ricaricabile | AN10: TM9 R100 Smart Passport Extra Europa 3 Rinnovi Abbonamento | AO10: VB | AS10: TM9 RD100 Smart Passport Dati Extra Europa 3 Rinnovi Abbonamento | AT10: DB | AX10: TM9 RD100 Smart Passport Dati Extra Europa 2 Rinnovi Ricaricabile | AY10: Piani DATI | AZ10: RIC | BB10: TM9 - D30 - rinnovi illimitati Extra Abbonamento | BC10: D30_ABB | BF10: TM9 - D100 - 2rinnovi Extra Abbonamento | BH10: TM9 Ricaricabile P5 | BO10: TM9 Ricaricabile P100 - Condiviso Dati | BS10: AV
D11: TM9 Ricaricabile P30 | E11: TM9 - RIC - D100 (100GB) | H11: TM9 P100 Pacchetto_giornaliero_R100 Smart Passport Extra Europa 2 Rinnovi Abbonamento | I11: TM9 - D100 - 3rinnovi Extra Abbonamento | L11: Profilo Top - Android brand 3 | Q11: 9.02 | R11: 9 | S11: 9.02 | T11: 6.56 | U11: 9.02 | X11: Conexo Technologies | AH11: TM9 Ricaricabile P5 - Condiviso Voce | AJ11: TM9 P100 Pacchetto_giornaliero_R100 Smart Passport Extra Europa 2 Rinnovi Abbonamento | AK11: TM9 D100 Pacchetto_giornaliero_RD100 Smart Passport Extra Europa 2 Rinnovi Ricaricabile | AM11: TM9 Abbonamento P100 - Condiviso Dati | AN11: Disabilitato | AO11: VC | AR11: TM9 Abbonamento Dati D100 | AS11: Disabilitato | AT11: DC | AX11: TM9 RD100 Smart Passport Dati Extra Europa 3 Rinnovi Ricaricabile | AY11: Piani DATI | AZ11: RIC | BF11: TM9 - D100 - 3rinnovi Extra Abbonamento | BH11: TM9 Ricaricabile P30 | BO11: TM9 Ricaricabile Illimitato - Condiviso Dati | BS11: BA
D12: TM9 Ricaricabile P100 | E12: TM9 - RIC - DI (dati illimitati) | H12: TM9 P100 Pacchetto_giornaliero_R100 Smart Passport Extra Europa 3 Rinnovi Abbonamento | I12: TM9 - D100 - 4rinnovi Extra Abbonamento | L12: Tablet - Android brand 1 | Q12: 9.84 | R12: 10 | S12: 9.84 | T12: 7.38 | U12: 9.84 | X12: COOP | AH12: TM9 Ricaricabile P0 - Condiviso Voce | AJ12: TM9 P100 Pacchetto_giornaliero_R100 Smart Passport Extra Europa 3 Rinnovi Abbonamento | AK12: TM9 D100 Pacchetto_giornaliero_RD100 Smart Passport Extra Europa 3 Rinnovi Ricaricabile | AN12: TM9 R100 Smart Passport Extra Europa 1 Rinnovo Abbonamento | AO12: VC | AS12: TM9 RD100 Smart Passport Dati Extra Europa 1 Rinnovo Abbonamento | AT12: DC | AX12: TM9 R100 Smart Passport Extra Europa 1 Rinnovo Ricaricabile | AY12: Piani VOCE+DATI | AZ12: RIC | BA12: TM9 Abbonamento P100 | BB12: Disabiliatato | BC12: D100_ABB | BF12: TM9 - D100 - 4rinnovi Extra Abbonamento | BH12: TM9 Ricaricabile P100 | BO12: TM9 Ricaricabile Premium - Condiviso Dati | BS12: BT
D13: TM9 Ricaricabile Illimitato | H13: TM9 PI Pacchetto_giornaliero_R100 Smart Passport Extra Europa 1 Rinnovo Abbonamento | I13: TM9 - D100 - illimitato Extra Abbonamento | L13: Tablet - Android brand 2 | Q13: 10.66 | R13: 11 | S13: 10.66 | T13: 8.2 | U13: 10.66 | X13: COOPItalia | AH13: TM9 Abbonamento P100 - Condiviso Dati | AJ13: TM9 PI Pacchetto_giornaliero_R100 Smart Passport Extra Europa 1 Rinnovo Abbonamento | AK13: TM9 DI Pacchetto_giornaliero_RD100 Smart Passport Extra Europa 1 Rinnovo Ricaricabile | AN13: TM9 R100 Smart Passport Extra Europa 2 Rinnovi Abbonamento | AO13: VC | AS13: TM9 RD100 Smart Passport Dati Extra Europa 2 Rinnovi Abbonamento | AT13: DC | AX13: TM9 R100 Smart Passport Extra Europa 2 Rinnovi Ricaricabile | AY13: Piani VOCE+DATI | AZ13: RIC | BA13: TM9 Abbonamento Dati D100 | BB13: TM9 - D100 - 1rinnovo Extra Abbonamento | BC13: D100_ABB | BF13: TM9 - D100 - illimitato Extra Abbonamento | BH13: TM9 Ricaricabile Illimitato | BI13: disabilitato | BO13: TM9 Abbonamento P0 - Condiviso Voce | BP13: TM9 Abbonamento Dati D5 - Condiviso Dati | BS13: BL
D14: TM9 Ricaricabile Premium | H14: TM9 PI Pacchetto_giornaliero_R100 Smart Passport Extra Europa 2 Rinnovi Abbonamento | I14: TM9 - D30 - 1rinnovo Extra Ricaricabile | L14: Tablet - IOS | Q14: 11.48 | R14: 12 | S14: 11.48 | U14: 11.48 | X14: DAILY TELECOM | AH14: TM9 Abbonamento P30 - Condiviso Dati | AJ14: TM9 PI Pacchetto_giornaliero_R100 Smart Passport Extra Europa 2 Rinnovi Abbonamento | AK14: TM9 DI Pacchetto_giornaliero_RD100 Smart Passport Extra Europa 2 Rinnovi Ricaricabile | AN14: TM9 R100 Smart Passport Extra Europa 3 Rinnovi Abbonamento | AO14: VC | AS14: TM9 RD100 Smart Passport Dati Extra Europa 3 Rinnovi Abbonamento | AT14: DC | AX14: TM9 R100 Smart Passport Extra Europa 3 Rinnovi Ricaricabile | AY14: Piani VOCE+DATI | AZ14: RIC | BB14: TM9 - D100 - 2rinnovi Extra Abbonamento | BC14: D100_ABB | BF14: TM9 - D30 - 1rinnovo Extra Ricaricabile | BH14: TM9 Ricaricabile Premium | BI14: disabilitato | BO14: TM9 Abbonamento P5 - Condiviso Voce | BP14: TM9 Abbonamento Dati D30 - Condiviso Dati | BS14: BN
D15: TM9 Abbonamento Dati D5 | H15: TM9 PI Pacchetto_giornaliero_R100 Smart Passport Extra Europa 3 Rinnovi Abbonamento | I15: TM9 - D30 - 2rinnovi Extra Ricaricabile | L15: Modem | Q15: 12.3 | R15: 13 | S15: 12.3 | U15: 12.3 | X15: Digi Mobil Full | AH15: TM9 Abbonamento P5 - Condiviso Dati | AJ15: TM9 PI Pacchetto_giornaliero_R100 Smart Passport Extra Europa 3 Rinnovi Abbonamento | AK15: TM9 DI Pacchetto_giornaliero_RD100 Smart Passport Extra Europa 3 Rinnovi Ricaricabile | AM15: TM9 Abbonamento Illimitato - Condiviso Dati | AN15: Disabilitato | AO15: VD | AR15: TM9 Abbonamento Dati Illimitati | AS15: Disabilitato | AT15: DD | BB15: TM9 - D100 - 3rinnovi Extra Abbonamento | BC15: D100_ABB | BF15: TM9 - D30 - 2rinnovi Extra Ricaricabile | BH15: TM9 Abbonamento Dati D5 | BO15: TM9 Abbonamento P30 - Condiviso Voce | BP15: TM9 Abbonamento Dati D100 - Condiviso Dati | BS15: BG
D16: TM9 Abbonamento Dati D30 | H16: TM9 PP Pacchetto_giornaliero_R100 Smart Passport Extra Europa 1 Rinnovo Abbonamento | I16: TM9 - D30 - 3rinnovi Extra Ricaricabile | Q16: 13.11 | R16: 14 | S16: 13.11 | U16: 13.11 | X16: DIGITEL ITALIA | AH16: TM9 Ricaricabile P100 - Condiviso Dati | AJ16: TM9 PP Pacchetto_giornaliero_R100 Smart Passport Extra Europa 1 Rinnovo Abbonamento | AK16: TM9 D0 Pacchetto_giornaliero_RD100 RIC Smart Passport Extra Europa 1 Rinnovo Ricaricabile | AN16: TM9 R100 Smart Passport Extra Europa 1 Rinnovo Abbonamento | AO16: VD | AS16: TM9 RD100 Smart Passport Dati Extra Europa 1 Rinnovo Abbonamento | AT16: DD | BB16: TM9 - D100 - 4rinnovi Extra Abbonamento | BC16: D100_ABB | BF16: TM9 - D30 - 3rinnovi Extra Ricaricabile | BH16: TM9 Abbonamento Dati D30 | BO16: TM9 Abbonamento P100 - Condiviso Voce | BP16: TM9 Abbonamento Dati Illimitati - Condiviso Dati | BS16: BI
D17: TM9 Abbonamento Dati D100 | H17: TM9 PP Pacchetto_giornaliero_R100 Smart Passport Extra Europa 2 Rinnovi Abbonamento | I17: TM9 - D30 - 4rinnovi Extra Ricaricabile | Q17: 13.93 | R17: 15 | S17: 13.93 | U17: 13.93 | X17: Elite Mobile | AH17: TM9 Ricaricabile P30 - Condiviso Dati | AJ17: TM9 PP Pacchetto_giornaliero_R100 Smart Passport Extra Europa 2 Rinnovi Abbonamento | AK17: TM9 D0 Pacchetto_giornaliero_RD100 RIC Smart Passport Extra Europa 2 Rinnovi Ricaricabile | AN17: TM9 R100 Smart Passport Extra Europa 2 Rinnovi Abbonamento | AO17: VD | AS17: TM9 RD100 Smart Passport Dati Extra Europa 2 Rinnovi Abbonamento | AT17: DD | BB17: TM9 - D100 - illimitato Extra Abbonamento | BC17: D100_ABB | BF17: TM9 - D30 - 4rinnovi Extra Ricaricabile | BH17: TM9 Abbonamento Dati D100 | BO17: TM9 Abbonamento Illimitato - Condiviso Voce | BP17: TM9 Ricaricabile Dati D5 - Condiviso Dati | BS17: BO
D18: TM9 Abbonamento Dati Illimitati | H18: TM9 PP Pacchetto_giornaliero_R100 Smart Passport Extra Europa 3 Rinnovi Abbonamento | I18: TM9 - D30 - rinnovi illimitati Extra Ricaricabile | Q18: 14.75 | R18: 16 | S18: 14.75 | U18: 14.75 | X18: ENEGAN | AH18: TM9 Ricaricabile P5 - Condiviso Dati | AJ18: TM9 PP Pacchetto_giornaliero_R100 Smart Passport Extra Europa 3 Rinnovi Abbonamento | AK18: TM9 D0 Pacchetto_giornaliero_RD100 RIC Smart Passport Extra Europa 3 Rinnovi Ricaricabile | AN18: TM9 R100 Smart Passport Extra Europa 3 Rinnovi Abbonamento | AO18: VD | AS18: TM9 RD100 Smart Passport Dati Extra Europa 3 Rinnovi Abbonamento | AT18: DD | BF18: TM9 - D30 - rinnovi illimitati Extra Ricaricabile | BH18: TM9 Abbonamento Dati Illimitati | BI18: disabilitato | BO18: TM9 Abbonamento Premium - Condiviso Voce | BP18: TM9 Ricaricabile Dati D30 - Condiviso Dati | BS18: BZ
D19: TM9 Ricaricabile Dati D5 | H19: TM9 P5 Pacchetto_giornaliero_R100 RIC Smart Passport Extra Europa 1 Rinnovo Ricaricabile | I19: TM9 - D100 - 1rinnovo Extra Ricaricabile | Q19: 15.57 | R19: 17 | S19: 15.57 | U19: 15.57 | X19: ERG MOBILE | AH19: TM9 Abbonamento P100 - Condiviso Voce+Dati | AJ19: TM9 P0 Pacchetto_giornaliero_R100 RIC Smart Passport Extra Europa 1 Rinnovo Abbonamento | AK19: TM9 D5 Pacchetto_giornaliero_RD100 RIC Smart Passport Extra Europa 1 Rinnovo Ricaricabile | AM19: TM9 Abbonamento Premium - Condiviso Dati | AN19: Disabilitato | AO19: VE | AR19: TM9 Ricaricabile Dati D5 | AS19: Disabilitato | AT19: DE | BA19: TM9 Ricaricabile P5 | BB19: Disabiliatato | BC19: D30_RIC | BF19: TM9 - D100 - 1rinnovo Extra Ricaricabile | BH19: TM9 Ricaricabile Dati D5 | BO19: TM9 Ricaricabile P0 - Condiviso Voce | BP19: TM9 Ricaricabile Dati D100 - Condiviso Dati | BS19: BS
D20: TM9 Ricaricabile Dati D30 | H20: TM9 P5 Pacchetto_giornaliero_R100 RIC Smart Passport Extra Europa 2 Rinnovi Ricaricabile | I20: TM9 - D100 - 2rinnovi Extra Ricaricabile | Q20: 16.39 | R20: 18 | S20: 16.39 | U20: 16.39 | X20: Fastweb Full | AH20: TM9 Abbonamento P30 - Condiviso Voce+Dati | AJ20: TM9 P0 Pacchetto_giornaliero_R100 RIC Smart Passport Extra Europa 2 Rinnovi Abbonamento | AK20: TM9 D5 Pacchetto_giornaliero_RD100 RIC Smart Passport Extra Europa 2 Rinnovi Ricaricabile | AN20: TM9 R100 Smart Passport Extra Europa 1 Rinnovo Abbonamento | AO20: VE | AS20: TM9 RD100 Smart Passport Dati Extra Europa 1 Rinnovo Ricaricabile | AT20: DE | BA20: TM9 Ricaricabile P30 | BB20: TM9 - D30 - 1rinnovo Extra Ricaricabile | BC20: D30_RIC | BF20: TM9 - D100 - 2rinnovi Extra Ricaricabile | BH20: TM9 Ricaricabile Dati D30 | BO20: TM9 Ricaricabile P5 - Condiviso Voce | BP20: TM9 Ricaricabile Dati Illimitati - Condiviso Dati | BS20: BR
D21: TM9 Ricaricabile Dati D100 | H21: TM9 P5 Pacchetto_giornaliero_R100 RIC Smart Passport Extra Europa 3 Rinnovi Ricaricabile | I21: TM9 - D100 - 3rinnovi Extra Ricaricabile | Q21: 17.21 | R21: 19 | S21: 17.21 | U21: 17.21 | X21: Fastweb Mobile | AH21: TM9 Abbonamento P5 - Condiviso Voce+Dati | AJ21: TM9 P0 Pacchetto_giornaliero_R100 RIC Smart Passport Extra Europa 3 Rinnovi Abbonamento | AK21: TM9 D5 Pacchetto_giornaliero_RD100 RIC Smart Passport Extra Europa 3 Rinnovi Ricaricabile | AN21: TM9 R100 Smart Passport Extra Europa 2 Rinnovi Abbonamento | AO21: VE | AS21: TM9 RD100 Smart Passport Dati Extra Europa 2 Rinnovi Ricaricabile | AT21: DE | BA21: TM9 Ricaricabile Dati D5 | BB21: TM9 - D30 - 2rinnovi Extra Ricaricabile | BC21: D30_RIC | BF21: TM9 - D100 - 3rinnovi Extra Ricaricabile | BH21: TM9 Ricaricabile Dati D100 | BO21: TM9 Ricaricabile P30 - Condiviso Voce | BS21: CA
D22: TM9 Ricaricabile Dati Illimitati | H22: TM9 P30 Pacchetto_giornaliero_R100 RIC Smart Passport Extra Europa 1 Rinnovo Ricaricabile | I22: TM9 - D100 - 4rinnovi Extra Ricaricabile | Q22: 18.03 | R22: 20 | S22: 18.03 | U22: 18.03 | X22: FEDER MOBILE | AH22: TM9 Ricaricabile P100 - Condiviso Voce+Dati | AJ22: TM9 P05 Pacchetto_giornaliero_R100 RIC Smart Passport Extra Europa 1 Rinnovo Abbonamento | AK22: TM9 D100 Pacchetto_giornaliero_RD100 RIC Smart Passport Extra Europa 1 Rinnovo Ricaricabile | AN22: TM9 R100 Smart Passport Extra Europa 3 Rinnovi Abbonamento | AO22: VE | AS22: TM9 RD100 Smart Passport Dati Extra Europa 3 Rinnovi Ricaricabile | AT22: DE | BA22: TM9 Ricaricabile Dati D30 | BB22: TM9 - D30 - 3rinnovi Extra Ricaricabile | BC22: D30_RIC | BF22: TM9 - D100 - 4rinnovi Extra Ricaricabile | BH22: TM9 Ricaricabile Dati Illimitati | BI22: disabilitato | BO22: TM9 Ricaricabile P100 - Condiviso Voce | BS22: CL
H23: TM9 P30 Pacchetto_giornaliero_R100 RIC Smart Passport Extra Europa 2 Rinnovi Ricaricabile | I23: TM9 - D100 - rinnovi illimitati Extra Ricaricabile | Q23: 18.85 | R23: 21 | S23: 18.85 | U23: 18.85 | X23: Foll-In (INTERMATICA) | AH23: TM9 Ricaricabile P30 - Condiviso Voce+Dati | AJ23: TM9 P5 Pacchetto_giornaliero_R100 RIC Smart Passport Extra Europa 2 Rinnovi Abbonamento | AK23: TM9 D100 Pacchetto_giornaliero_RD100 RIC Smart Passport Extra Europa 2 Rinnovi Ricaricabile | AM23: TM9 Ricaricabile P5 - Condiviso Dati | AN23: Disabilitato | AO23: VF | AR23: TM9 Ricaricabile Dati D30 | AS23: Disabilitato | AT23: DF | BB23: TM9 - D30 - 4rinnovi Extra Ricaricabile | BC23: D30_RIC | BF23: TM9 - D100 - illimitato Extra Ricaricabile | BO23: TM9 Ricaricabile Illimitato - Condiviso Voce | BS23: CB
H24: TM9 P30 Pacchetto_giornaliero_R100 RIC Smart Passport Extra Europa 3 Rinnovi Ricaricabile | Q24: 19.67 | R24: 22 | S24: 19.67 | U24: 19.67 | X24: Green ICN | AH24: TM9 Ricaricabile P5 - Condiviso Voce+Dati | AJ24: TM9 P5 Pacchetto_giornaliero_R100 RIC Smart Passport Extra Europa 3 Rinnovi Abbonamento | AK24: TM9 D100 Pacchetto_giornaliero_RD100 RIC Smart Passport Extra Europa 3 Rinnovi Ricaricabile | AN24: TM9 R100 Smart Passport Extra Europa 1 Rinnovo Ricaricabile | AO24: VF | AS24: TM9 RD100 Smart Passport Dati Extra Europa 1 Rinnovo Ricaricabile | AT24: DF | BB24: TM9 - D30 - rinnovi illimitati Extra Ricaricabile | BC24: D30_RIC | BO24: TM9 Ricaricabile Premium - Condiviso Voce | BS24: CI
H25: TM9 P100 Pacchetto_giornaliero_R100 RIC Smart Passport Extra Europa 1 Rinnovo Ricaricabile | Q25: 20.49 | R25: 23 | S25: 20.49 | U25: 20.49 | X25: KENA Mobile | AH25: TM9 Abbonamento Dati D100 - Condiviso Dati | AJ25: TM9 P100 Pacchetto_giornaliero_R100 RIC Smart Passport Extra Europa 1 Rinnovo Abbonamento | AK25: TM9 DI Pacchetto_giornaliero_RD100 RIC Smart Passport Dati Extra Europa 1 Rinnovo Ricaricabile | AN25: TM9 R100 Smart Passport Extra Europa 2 Rinnovi Ricaricabile | AO25: VF | AS25: TM9 RD100 Smart Passport Dati Extra Europa 2 Rinnovi Ricaricabile | AT25: DF | BO25: TM9 Abbonamento P0 - Condiviso Voce+Dati | BS25: CE
H26: TM9 P100 Pacchetto_giornaliero_R100 RIC Smart Passport Extra Europa 2 Rinnovi Ricaricabile | Q26: 21.31 | R26: 24 | S26: 21.31 | U26: 21.31 | X26: Ho | AH26: TM9 Abbonamento Dati D30 - Condiviso Dati | AJ26: TM9 P100 Pacchetto_giornaliero_R100 RIC Smart Passport Extra Europa 2 Rinnovi Abbonamento | AK26: TM9 DI Pacchetto_giornaliero_RD100 RIC Smart Passport Dati Extra Europa 2 Rinnovi Ricaricabile | AN26: TM9 R100 Smart Passport Extra Europa 3 Rinnovi Ricaricabile | AO26: VF | AS26: TM9 RD100 Smart Passport Dati Extra Europa 3 Rinnovi Ricaricabile | AT26: DF | BA26: TM9 Ricaricabile P100 | BB26: Disabiliatato | BC26: D100_RIC | BO26: TM9 Abbonamento P5 - Condiviso Voce+Dati | BS26: CT
H27: TM9 P100 Pacchetto_giornaliero_R100 RIC Smart Passport Extra Europa 3 Rinnovi Ricaricabile | Q27: 22.13 | R27: 25 | S27: 22.13 | U27: 22.13 | X27: ILIAD | AH27: TM9 Abbonamento Dati D5 - Condiviso Dati | AJ27: TM9 P100 Pacchetto_giornaliero_R100 RIC Smart Passport Extra Europa 3 Rinnovi Abbonamento | AK27: TM9 DI Pacchetto_giornaliero_RD100 RIC Smart Passport Dati Extra Europa 3 Rinnovi Ricaricabile | AM27: TM9 Ricaricabile P30 - Condiviso Dati | AN27: Disabilitato | AO27: VG | AR27: TM9 Ricaricabile Dati D100 | AS27: Disabilitato | AT27: DG | BA27: TM9 Ricaricabile Dati D100 | BB27: TM9 - D100 - 1rinnovo Extra Ricaricabile | BC27: D100_RIC | BO27: TM9 Abbonamento P30 - Condiviso Voce+Dati | BS27: CZ
H28: TM9 PI Pacchetto_giornaliero_R100 RIC Smart Passport Dati Extra Europa 1 Rinnovo Ricaricabile | Q28: 22.95 | R28: 26 | S28: 22.95 | U28: 22.95 | X28: ITALIA POWER | AH28: TM9 Ricaricabile Dati D100 - Condiviso Dati | AJ28: TM9 PI Pacchetto_giornaliero_R100 RIC Smart Passport Dati Extra Europa 1 Rinnovo Abbonamento | AN28: TM9 R100 Smart Passport Extra Europa 1 Rinnovo Ricaricabile | AO28: VG | AS28: TM9 RD100 Smart Passport Dati Extra Europa 1 Rinnovo Ricaricabile | AT28: DG | BB28: TM9 - D100 - 2rinnovi Extra Ricaricabile | BC28: D100_RIC | BO28: TM9 Abbonamento P100 - Condiviso Voce+Dati | BS28: CH
H29: TM9 PI Pacchetto_giornaliero_R100 RIC Smart Passport Dati Extra Europa 2 Rinnovi Ricaricabile | Q29: 23.77 | R29: 27 | S29: 23.77 | U29: 23.77 | X29: LINKEM | AH29: TM9 Ricaricabile Dati D30 - Condiviso Dati | AJ29: TM9 PI Pacchetto_giornaliero_R100 RIC Smart Passport Dati Extra Europa 2 Rinnovi Abbonamento | AN29: TM9 R100 Smart Passport Extra Europa 2 Rinnovi Ricaricabile | AO29: VG | AS29: TM9 RD100 Smart Passport Dati Extra Europa 2 Rinnovi Ricaricabile | AT29: DG | BB29: TM9 - D100 - 3rinnovi Extra Ricaricabile | BC29: D100_RIC | BO29: TM9 Abbonamento Illimitato - Condiviso Voce+Dati | BS29: CO
H30: TM9 PI Pacchetto_giornaliero_R100 RIC Smart Passport Dati Extra Europa 3 Rinnovi Ricaricabile | Q30: 24.59 | R30: 28 | S30: 24.59 | U30: 24.59 | X30: Lyca | AH30: TM9 Ricaricabile Dati D5 - Condiviso Dati | AJ30: TM9 PI Pacchetto_giornaliero_R100 RIC Smart Passport Dati Extra Europa 3 Rinnovi Abbonamento | AN30: TM9 R100 Smart Passport Extra Europa 3 Rinnovi Ricaricabile | AO30: VG | AS30: TM9 RD100 Smart Passport Dati Extra Europa 3 Rinnovi Ricaricabile | AT30: DG | BB30: TM9 - D100 - 4rinnovi Extra Ricaricabile | BC30: D100_RIC | BO30: TM9 Abbonamento Premium - Condiviso Voce+Dati | BS30: CS
H31: TM9 PP Pacchetto_giornaliero_R100 RIC Smart Passport Extra Europa 1 Rinnovo Ricaricabile | Q31: 25.41 | S31: 25.41 | U31: 25.41 | X31: Nextus Telecom | AJ31: TM9 PP Pacchetto_giornaliero_R100 RIC Smart Passport Extra Europa 1 Rinnovo Ricaricabile | AM31: TM9 Ricaricabile P100 - Condiviso Dati | AN31: Disabilitato | AO31: VH | AR31: TM9 Ricaricabile Dati Illimitati | AS31: Disabilitato | AT31: DH | BB31: TM9 - D100 - illimitato Extra Ricaricabile | BC31: D100_RIC | BO31: TM9 Ricaricabile P0 - Condiviso Voce+Dati | BS31: CR
H32: TM9 PP Pacchetto_giornaliero_R100 RIC Smart Passport Extra Europa 2 Rinnovi Ricaricabile | Q32: 26.23 | S32: 26.23 | U32: 26.23 | X32: NOITEL | AJ32: TM9 PP Pacchetto_giornaliero_R100 RIC Smart Passport Extra Europa 2 Rinnovi Ricaricabile | AN32: TM9 R100 Smart Passport Extra Europa 1 Rinnovo Ricaricabile | AO32: VH | AS32: TM9 RD100 Smart Passport Dati Extra Europa 1 Rinnovo Ricaricabile | AT32: DH | BO32: TM9 Ricaricabile P5 - Condiviso Voce+Dati | BS32: KR
H33: TM9 PP Pacchetto_giornaliero_R100 RIC Smart Passport Extra Europa 3 Rinnovi Ricaricabile | Q33: 27.05 | S33: 27.05 | U33: 27.05 | X33: Noitel.it | AJ33: TM9 PP Pacchetto_giornaliero_R100 RIC Smart Passport Extra Europa 3 Rinnovi Ricaricabile | AN33: TM9 R100 Smart Passport Extra Europa 2 Rinnovi Ricaricabile | AO33: VH | AS33: TM9 RD100 Smart Passport Dati Extra Europa 2 Rinnovi Ricaricabile | AT33: DH | BA33: TM9 Abbonamento P0 | BB33: Disabiliatato | BC33: KO_D30_D10_ABB_RIC | BO33: TM9 Ricaricabile P30 - Condiviso Voce+Dati | BS33: CN
H34: TM9 D5 Pacchetto_giornaliero_RD100 Smart Passport Extra Europa 1 Rinnovo Abbonamento | Q34: 27.87 | S34: 27.87 | U34: 27.87 | X34: NOVERCA FULL | AN34: TM9 R100 Smart Passport Extra Europa 3 Rinnovi Ricaricabile | AO34: VH | AS34: TM9 RD100 Smart Passport Dati Extra Europa 3 Rinnovi Ricaricabile | AT34: DH | BA34: TM9 Abbonamento Illimitato | BB34: Disabiliatato | BC34: KO_D30_D10_ABB_RIC | BO34: TM9 Ricaricabile P100 - Condiviso Voce+Dati | BS34: EN
H35: TM9 D5 Pacchetto_giornaliero_RD100 Smart Passport Extra Europa 2 Rinnovi Abbonamento | Q35: 28.69 | S35: 28.69 | U35: 28.69 | X35: NT Mobile | AM35: TM9 Ricaricabile Illimitato - Condiviso Dati | AN35: Disabilitato | AO35: VI | BA35: TM9 Abbonamento Premium | BB35: Disabiliatato | BC35: KO_D30_D10_ABB_RIC | BO35: TM9 Ricaricabile Illimitato - Condiviso Voce+Dati | BS35: FM
H36: TM9 D5 Pacchetto_giornaliero_RD100 Smart Passport Extra Europa 3 Rinnovi Abbonamento | Q36: 29.51 | S36: 29.51 | U36: 29.51 | X36: NV mobile | AN36: TM9 R100 Smart Passport Extra Europa 1 Rinnovo Ricaricabile | AO36: VI | BA36: TM9 Ricaricabile P0 | BB36: Disabiliatato | BC36: KO_D30_D10_ABB_RIC | BO36: TM9 Ricaricabile Premium - Condiviso Voce+Dati | BS36: FE
H37: TM9 D30 Pacchetto_giornaliero_RD100 Smart Passport Extra Europa 1 Rinnovo Abbonamento | Q37: 30.33 | S37: 30.33 | U37: 30.33 | X37: OPTIMA1 | AN37: TM9 R100 Smart Passport Extra Europa 2 Rinnovi Ricaricabile | AO37: VI | BA37: TM9 Ricaricabile Illimitato | BB37: Disabiliatato | BC37: KO_D30_D10_ABB_RIC | BS37: FI
H38: TM9 D30 Pacchetto_giornaliero_RD100 Smart Passport Extra Europa 2 Rinnovi Abbonamento | Q38: 31.15 | S38: 31.15 | U38: 31.15 | X38: OVUNQUE | AN38: TM9 R100 Smart Passport Extra Europa 3 Rinnovi Ricaricabile | AO38: VI | BA38: TM9 Ricaricabile Premium | BB38: Disabiliatato | BC38: KO_D30_D10_ABB_RIC | BS38: FG
H39: TM9 D30 Pacchetto_giornaliero_RD100 Smart Passport Extra Europa 3 Rinnovi Abbonamento | Q39: 31.97 | S39: 31.97 | U39: 31.97 | X39: PLINK | AM39: TM9 Ricaricabile Premium - Condiviso Dati | AN39: Disabilitato | AO39: VL | BA39: TM9 Abbonamento Dati Illimitati | BB39: Disabiliatato | BC39: KO_D30_D10_ABB_RIC | BS39: FC
H40: TM9 D100 Pacchetto_giornaliero_RD100 Smart Passport Extra Europa 1 Rinnovo Abbonamento | Q40: 32.79 | S40: 32.79 | U40: 32.79 | X40: POSTE MOBILE | AN40: TM9 R100 Smart Passport Extra Europa 1 Rinnovo Ricaricabile | AO40: VL | BA40: TM9 Ricaricabile Dati Illimitati | BB40: Disabiliatato | BC40: KO_D30_D10_ABB_RIC | BS40: FR
H41: TM9 D100 Pacchetto_giornaliero_RD100 Smart Passport Extra Europa 2 Rinnovi Abbonamento | Q41: 33.61 | S41: 33.61 | U41: 33.61 | X41: PosteMobile Full | AN41: TM9 R100 Smart Passport Extra Europa 2 Rinnovi Ricaricabile | AO41: VL | BS41: GE
H42: TM9 D100 Pacchetto_giornaliero_RD100 Smart Passport Extra Europa 3 Rinnovi Abboamento | Q42: 34.43 | S42: 34.43 | U42: 34.43 | X42: Rabona | AN42: TM9 R100 Smart Passport Extra Europa 3 Rinnovi Ricaricabile | AO42: VL | BS42: GO
H43: TM9 DI Pacchetto_giornaliero_RD100 Smart Passport Extra Europa 1 Rinnovo Abbonamento | Q43: 35.25 | S43: 35.25 | U43: 35.25 | X43: Rabona MVNO ESP | AN43: VOCE - Traffico Roaming EXTRA SEE (gettoni di traffico SmartPassport) | AO43: TIPOLOGIA | BS43: GR
H44: TM9 DI Pacchetto_giornaliero_RD100 Smart Passport Extra Europa 2 Rinnovi Abbonamento | Q44: 36.07 | S44: 36.07 | U44: 36.07 | X44: Ringo Mobile (ICS Italy) | AM44: TM9 Abbonamento P5 - Condiviso Voce | AN44: Disabilitato | AO44: VA | BS44: IM
H45: TM9 DI Pacchetto_giornaliero_RD100 Smart Passport Extra Europa 3 Rinnovi Abbonamento | Q45: 36.89 | S45: 36.89 | U45: 36.89 | X45: SPUSU ITALIA | AN45: TM9 R100 Smart Passport Extra Europa 1 Rinnovo Abbonamento | AO45: VA | BS45: IS
H46: TM9 D5 Pacchetto_giornaliero_RD100 RIC Smart Passport Extra Europa 1 Rinnovo Ricaricabile | Q46: 37.7 | S46: 37.7 | U46: 37.7 | X46: Telmekom Mobile | AN46: TM9 R100 Smart Passport Extra Europa 2 Rinnovi Abbonamento | AO46: VA | BS46: SP
H47: TM9 D5 Pacchetto_giornaliero_RD100 RIC Smart Passport Extra Europa 2 Rinnovi Ricaricabile | Q47: 38.52 | S47: 38.52 | U47: 38.52 | X47: TISCALI | AN47: TM9 R100 Smart Passport Extra Europa 3 Rinnovi Abbonamento | AO47: VA | BS47: LT
H48: TM9 D5 Pacchetto_giornaliero_RD100 RIC Smart Passport Extra Europa 3 Rinnovi Ricaricabile | Q48: 39.34 | S48: 39.34 | U48: 39.34 | X48: VECTONE | AM48: TM9 Abbonamento P30 - Condiviso Voce | AN48: Disabilitato | AO48: VB | BS48: LE
H49: TM9 D30 Pacchetto_giornaliero_RD100 RIC Smart Passport Extra Europa 1 Rinnovo Ricaricabile | Q49: 40.16 | S49: 40.16 | U49: 40.16 | X49: VEI | AN49: TM9 R100 Smart Passport Extra Europa 1 Rinnovo Abbonamento | AO49: VB | BS49: LC
H50: TM9 D30 Pacchetto_giornaliero_RD100 RIC Smart Passport Extra Europa 2 Rinnovo Ricaricabile | Q50: 40.98 | S50: 40.98 | U50: 40.98 | X50: Very Mobile | AN50: TM9 R100 Smart Passport Extra Europa 2 Rinnovi Abbonamento | AO50: VB | BS50: LI
H51: TM9 D30 Pacchetto_giornaliero_RD100 RIC Smart Passport Extra Europa 3 Rinnovo Ricaricabile | Q51: 41.8 | S51: 41.8 | U51: 41.8 | X51: Welcome FULL MVNO | AN51: TM9 R100 Smart Passport Extra Europa 3 Rinnovi Abbonamento | AO51: VB | BS51: LO
H52: TM9 D100 Pacchetto_giornaliero_RD100 RIC Smart Passport Extra Europa 1 Rinnovo Ricaricabile | Q52: 42.62 | S52: 42.62 | U52: 42.62 | X52: WIND TRE spa | AM52: TM9 Abbonamento P100 - Condiviso Voce | AN52: Disabilitato | AO52: VC | BS52: LU
H53: TM9 D100 Pacchetto_giornaliero_RD100 RIC Smart Passport Extra Europa 2 Rinnovi Ricaricabile | Q53: 43.44 | S53: 43.44 | U53: 43.44 | X53: WINGS MOBILE | AN53: TM9 R100 Smart Passport Extra Europa 1 Rinnovo Abbonamento | AO53: VC | BS53: MC
H54: TM9 D100 Pacchetto_giornaliero_RD100 RIC Smart Passport Extra Europa 3 Rinnovi Ricaricabile | Q54: 44.26 | S54: 44.26 | U54: 44.26 | X54: WITH U | AN54: TM9 R100 Smart Passport Extra Europa 2 Rinnovi Abbonamento | AO54: VC | BS54: MN
H55: TM9 DI Pacchetto_giornaliero_RD100 RIC Smart Passport Dati Extra Europa 1 Rinnovo Ricaricabile | Q55: 45.08 | S55: 45.08 | U55: 45.08 | AN55: TM9 R100 Smart Passport Extra Europa 3 Rinnovi Abbonamento | AO55: VC | BS55: MS
H56: TM9 DI Pacchetto_giornaliero_RD100 RIC Smart Passport Dati Extra Europa 2 Rinnovi Ricaricabile | Q56: 45.9 | S56: 45.9 | U56: 45.9 | AM56: TM9 Abbonamento Illimitato - Condiviso Voce | AN56: Disabilitato | AO56: VD | BS56: MT
H57: TM9 DI Pacchetto_giornaliero_RD100 RIC Smart Passport Dati Extra Europa 3 Rinnovi Ricaricabile | Q57: 46.72 | S57: 46.72 | U57: 46.72 | AN57: TM9 R100 Smart Passport Extra Europa 1 Rinnovo Abbonamento | AO57: VD | BS57: VS
Q58: 47.54 | S58: 47.54 | U58: 47.54 | AN58: TM9 R100 Smart Passport Extra Europa 2 Rinnovi Abbonamento | AO58: VD | BS58: ME
Q59: 48.36 | S59: 48.36 | U59: 48.36 | AN59: TM9 R100 Smart Passport Extra Europa 3 Rinnovi Abbonamento | AO59: VD | BS59: MI
Q60: 49.18 | S60: 49.18 | U60: 49.18 | AM60: TM9 Abbonamento Premium - Condiviso Voce | AN60: Disabilitato | AO60: VE | BS60: MO
Q61: 50 | S61: 50 | U61: 50 | AN61: TM9 R100 Smart Passport Extra Europa 1 Rinnovo Abbonamento | AO61: VE | BS61: MB
Q62: 50.82 | S62: 50.82 | U62: 50.82 | AN62: TM9 R100 Smart Passport Extra Europa 2 Rinnovi Abbonamento | AO62: VE | BS62: NA
Q63: 51.64 | S63: 51.64 | U63: 51.64 | AN63: TM9 R100 Smart Passport Extra Europa 3 Rinnovi Abbonamento | AO63: VE | BS63: NO
Q64: 52.46 | S64: 52.46 | U64: 52.46 | AM64: TM9 Ricaricabile P5 - Condiviso Voce | AN64: Disabilitato | AO64: VF | BS64: NU
Q65: 53.28 | S65: 53.28 | U65: 53.28 | AN65: TM9 R100 Smart Passport Extra Europa 1 Rinnovo Abbonamento | AO65: VF | BS65: OG
Q66: 54.1 | S66: 54.1 | U66: 54.1 | AN66: TM9 R100 Smart Passport Extra Europa 2 Rinnovi Abbonamento | AO66: VF | BS66: OT
Q67: 54.92 | S67: 54.92 | U67: 54.92 | AN67: TM9 R100 Smart Passport Extra Europa 3 Rinnovi Abbonamento | AO67: VF | BS67: OR
Q68: 55.74 | S68: 55.74 | U68: 55.74 | AM68: TM9 Ricaricabile P30 - Condiviso Voce | AN68: Disabilitato | AO68: VG | BS68: PD
Q69: 56.56 | S69: 56.56 | U69: 56.56 | AN69: TM9 R100 Smart Passport Extra Europa 1 Rinnovo Ricaricabile | AO69: VG | BS69: PA
Q70: 57.38 | S70: 57.38 | U70: 57.38 | AN70: TM9 R100 Smart Passport Extra Europa 2 Rinnovi Ricaricabile | AO70: VG | BS70: PR
Q71: 58.2 | S71: 58.2 | U71: 58.2 | AN71: TM9 R100 Smart Passport Extra Europa 3 Rinnovi Ricaricabile | AO71: VG | BS71: PV
Q72: 59.02 | S72: 59.02 | U72: 59.02 | AM72: TM9 Ricaricabile P100 - Condiviso Voce | AN72: Disabilitato | AO72: VH | BS72: PG
Q73: 59.84 | S73: 59.84 | U73: 59.84 | AN73: TM9 R100 Smart Passport Extra Europa 1 Rinnovo Ricaricabile | AO73: VH | BS73: PU
Q74: 60.66 | S74: 60.66 | U74: 60.66 | AN74: TM9 R100 Smart Passport Extra Europa 2 Rinnovi Ricaricabile | AO74: VH | BS74: PE
Q75: 61.48 | S75: 61.48 | U75: 61.48 | AN75: TM9 R100 Smart Passport Extra Europa 3 Rinnovi Ricaricabile | AO75: VH | BS75: PC
Q76: 62.3 | S76: 62.3 | U76: 62.3 | AM76: TM9 Ricaricabile Illimitato - Condiviso Voce | AN76: Disabilitato | AO76: VI | BS76: PI
Q77: 63.11 | S77: 63.11 | U77: 63.11 | AN77: TM9 R100 Smart Passport Extra Europa 1 Rinnovo Ricaricabile | AO77: VI | BS77: PT
Q78: 63.93 | S78: 63.93 | U78: 63.93 | AN78: TM9 R100 Smart Passport Extra Europa 2 Rinnovi Ricaricabile | AO78: VI | BS78: PN
Q79: 64.75 | S79: 64.75 | U79: 64.75 | AN79: TM9 R100 Smart Passport Extra Europa 3 Rinnovi Ricaricabile | AO79: VI | BS79: PZ
Q80: 65.57 | S80: 65.57 | U80: 65.57 | AM80: TM9 Ricaricabile Premium - Condiviso Voce | AN80: Disabilitato | AO80: VL | BS80: PO
Q81: 66.39 | S81: 66.39 | U81: 66.39 | AN81: TM9 R100 Smart Passport Extra Europa 1 Rinnovo Ricaricabile | AO81: VL | BS81: RG
Q82: 67.21 | S82: 67.21 | U82: 67.21 | AN82: TM9 R100 Smart Passport Extra Europa 2 Rinnovi Ricaricabile | AO82: VL | BS82: RA
Q83: 68.03 | S83: 68.03 | U83: 68.03 | AN83: TM9 R100 Smart Passport Extra Europa 3 Rinnovi Ricaricabile | AO83: VL | BS83: RC
Q84: 68.85 | S84: 68.85 | U84: 68.85 | AN84: VOCE - Traffico Roaming EXTRA SEE (gettoni di traffico SmartPassport) | AO84: TIPOLOGIA | BS84: RE
Q85: 69.67 | S85: 69.67 | U85: 69.67 | AM85: TM9 Abbonamento P5 - Condiviso Voce+Dati | AN85: Disabilitato | AO85: VA | BS85: RI
Q86: 70.49 | S86: 70.49 | U86: 70.49 | AN86: TM9 R100 Smart Passport Extra Europa 1 Rinnovo Abbonamento | AO86: VA | BS86: RN
Q87: 71.31 | S87: 71.31 | U87: 71.31 | AN87: TM9 R100 Smart Passport Extra Europa 2 Rinnovi Abbonamento | AO87: VA | BS87: RM
Q88: 72.13 | S88: 72.13 | U88: 72.13 | AN88: TM9 R100 Smart Passport Extra Europa 3 Rinnovi Abbonamento | AO88: VA | BS88: RO
Q89: 72.95 | S89: 72.95 | U89: 72.95 | AM89: TM9 Abbonamento P30 - Condiviso Voce+Dati | AN89: Disabilitato | AO89: VB | BS89: SA
Q90: 73.77 | S90: 73.77 | U90: 73.77 | AN90: TM9 R100 Smart Passport Extra Europa 1 Rinnovo Abbonamento | AO90: VB | BS90: SS
Q91: 74.59 | S91: 74.59 | U91: 74.59 | AN91: TM9 R100 Smart Passport Extra Europa 2 Rinnovi Abbonamento | AO91: VB | BS91: SV
Q92: 75.41 | S92: 75.41 | U92: 75.41 | AN92: TM9 R100 Smart Passport Extra Europa 3 Rinnovi Abbonamento | AO92: VB | BS92: SI
Q93: 76.23 | S93: 76.23 | U93: 76.23 | AM93: TM9 Abbonamento P100 - Condiviso Voce+Dati | AN93: Disabilitato | AO93: VC | BS93: SR
Q94: 77.05 | S94: 77.05 | U94: 77.05 | AN94: TM9 R100 Smart Passport Extra Europa 1 Rinnovo Abbonamento | AO94: VC | BS94: SO
Q95: 77.87 | S95: 77.87 | U95: 77.87 | AN95: TM9 R100 Smart Passport Extra Europa 2 Rinnovi Abbonamento | AO95: VC | BS95: TA
Q96: 78.69 | S96: 78.69 | U96: 78.69 | AN96: TM9 R100 Smart Passport Extra Europa 3 Rinnovi Abbonamento | AO96: VC | BS96: TE
Q97: 79.51 | S97: 79.51 | U97: 79.51 | AM97: TM9 Abbonamento Illimitato - Condiviso Voce+Dati | AN97: Disabilitato | AO97: VD | BS97: TR
Q98: 80.33 | S98: 80.33 | U98: 80.33 | AN98: TM9 R100 Smart Passport Extra Europa 1 Rinnovo Abbonamento | AO98: VD | BS98: TO
Q99: 81.15 | S99: 81.15 | U99: 81.15 | AN99: TM9 R100 Smart Passport Extra Europa 2 Rinnovi Abbonamento | AO99: VD | BS99: TP
Q100: 81.97 | S100: 81.97 | U100: 81.97 | AN100: TM9 R100 Smart Passport Extra Europa 3 Rinnovi Abbonamento | AO100: VD | BS100: TN
...

Sheet Prezzi
C2: PREZZI
D5: VOCE a CATALOGO - DATI CONDIVISI | F5: Quantità | G5: LISTINO | H5: TERMINALI | I5: Quantità | J5: LISTINO | L5: Attivazioni Totali | M5: =COUNTA('Att. Nuove Utenze_Portabilita'!Q4:Q3050) -> 1 | O5: Scorta SIM | P5: =ROUNDUP(0.05*M5,0) -> 1
D6: Utenze in Abbonamento | E6: TM9 Abbonamento P5 - Condiviso Dati | F6: =COUNTIF('Att. Nuove Utenze_Portabilita'!B:W,E6) -> 0 | G6: 0.76 | H6: Profilo Base - Android | I6: =SUM(Terminali!L6:L8) -> 0 | J6: 1.8
D7: Utenze in Abbonamento | E7: TM9 Abbonamento P30 - Condiviso Dati | F7: =COUNTIF('Att. Nuove Utenze_Portabilita'!B:W,E7) -> 0 | G7: 0.76 | H7: Profilo Intermedio - Android | I7: =SUM(Terminali!L9:L11) -> 0 | J7: 2.1 | K7: di cui | L7: Portabilità MNP da altro operatore | M7: =COUNTA('Att. Nuove Utenze_Portabilita'!J4:J3050)-COUNTIF('Att. Nuove Utenze_Portabilita'!J4:J3050,"VODAFONE") -> 0 | O7: Utenze Premium | P7: =F24+F30 -> 0
D8: Utenze in Abbonamento | E8: TM9 Abbonamento P100 - Condiviso Dati | F8: =COUNTIF('Att. Nuove Utenze_Portabilita'!B:W,E8) -> 0 | G8: 2.45 | H8: Profilo Top - Android | I8: =SUM(Terminali!L12:L14) -> 0 | J8: 4.2
D9: Utenze in Ricaricabile | E9: TM9 Ricaricabile P5 - Condiviso Dati | F9: =COUNTIF('Att. Nuove Utenze_Portabilita'!B:W,E9) -> 0 | G9: 0.76 | H9: Profilo Top -IoS | I9: =Terminali!L15 -> 0 | J9: 7.5
D10: Utenze in Ricaricabile | E10: TM9 Ricaricabile P30 - Condiviso Dati | F10: =COUNTIF('Att. Nuove Utenze_Portabilita'!B:W,E10) -> 0 | G10: 0.76 | H10: Profilo Premium - Android | I10: =Terminali!L20 -> 0 | J10: 0 | K10: di cui | L10: Migrazione da contratto Vodafone esistente | M10: =COUNTA('Att. Nuove Utenze_Portabilita'!J6:J3050)-COUNTIF('Att. Nuove Utenze_Portabilita'!J6:J3050,"VODAFONE") -> 0 | O10: Profilo Standard | P10: =COUNTIF('Att. Nuove Utenze_Portabilita'!E4:E3050, ELENCO!B3) -> 0
D11: Utenze in Ricaricabile | E11: TM9 Ricaricabile P100 - Condiviso Dati | F11: =COUNTIF('Att. Nuove Utenze_Portabilita'!B:W,E11) -> 0 | G11: 2.45 | H11: Profilo Premium - IOS | I11: =Terminali!L21 -> 0 | J11: 0
D12: Utenze in Abbonamento | E12: TM9 Abbonamento Dati D5 - Condiviso Dati | F12: =COUNTIF('Att. Nuove Utenze_Portabilita'!B:W,E12) -> 0 | G12: 0.32 | H12: Tablet - Android | I12: =SUM(Terminali!L16:L17) -> 0 | J12: 3.7
D13: Utenze in Abbonamento | E13: TM9 Abbonamento Dati D30 - Condiviso Dati | F13: =COUNTIF('Att. Nuove Utenze_Portabilita'!B:W,E13) -> 0 | G13: 0.32 | H13: Tablet - IOS | I13: =Terminali!L18 -> 0 | J13: 10.4 | K13: di cui | L13: Nuove Attivazioni | M13: =M5-M7-M10 -> 1
D14: Utenze in Abbonamento | E14: TM9 Abbonamento Dati D100 - Condiviso Dati | F14: =COUNTIF('Att. Nuove Utenze_Portabilita'!B:W,E14) -> 0 | G14: 1.9 | H14: Modem | I14: =Terminali!L19 -> 0 | J14: 0.3
D15: Utenze in Ricaricabile | E15: TM9 Ricaricabile Dati D5 - Condiviso Dati | F15: =COUNTIF('Att. Nuove Utenze_Portabilita'!B:W,E15) -> 0 | G15: 0.32
D16: Utenze in Ricaricabile | E16: TM9 Ricaricabile Dati D30 - Condiviso Dati | F16: =COUNTIF('Att. Nuove Utenze_Portabilita'!B:W,E16) -> 0 | G16: 0.32 | L16: Profilo Priortiario | M16: =COUNTIF('Att. Nuove Utenze_Portabilita'!E4:E3050, ELENCO!B4) -> 0
D17: Utenze in Ricaricabile | E17: TM9 Ricaricabile Dati D100 - Condiviso Dati | F17: =COUNTIF('Att. Nuove Utenze_Portabilita'!B:W,E17) -> 0 | G17: 1.9 | N17: 0.44
D18: VOCE a CATALOGO - SMS, MMS, Minuti ITZ CONDIVISI | F18: Quantità | I18: Mese | J18: 24 mesi
D19: Utenze in Abbonamento | E19: TM9 Abbonamento P0 - Condiviso Voce | F19: =COUNTIF('Att. Nuove Utenze_Portabilita'!B:W,E19) -> 0 | G19: 0.4 | H19: IMPORTO TOTALE/MESE Utenze | I19: =SUMPRODUCT(F19:F30,G19:G30)+SUMPRODUCT(F32:F37,G32:G37)+SUMPRODUCT(F5:F17,G5:G17) -> 0 | J19: =I19*24 -> 0 | L19: Sicurezza Centralizzata | M19: =COUNTIF('Att. Nuove Utenze_Portabilita'!V4:V3050,ELENCO!M3) -> 0
D20: Utenze in Abbonamento | E20: TM9 Abbonamento P5 - Condiviso Voce | F20: =COUNTIF('Att. Nuove Utenze_Portabilita'!B:W,E20) -> 0 | G20: 0.76 | H20: IMPORTO TOTALE/MESE Terminali | I20: =SUMPRODUCT(I6:I14,J6:J14) -> 0 | J20: =I20*24 -> 0 | N20: 0.75
D21: Utenze in Abbonamento | E21: TM9 Abbonamento P30 - Condiviso Voce | F21: =COUNTIF('Att. Nuove Utenze_Portabilita'!B:W,E21) -> 0 | G21: 0.76 | H21: IMPORTO TOTALE/MESE Altri servizi | I21: =+(M16*N17)+(M19*N20) -> 0 | J21: =I21*24 -> 0
D22: Utenze in Abbonamento | E22: TM9 Abbonamento P100 - Condiviso Voce | F22: =COUNTIF('Att. Nuove Utenze_Portabilita'!B:W,E22) -> 0 | G22: 2.45 | H22: IMPORTO TOTALE 24 MESI | I22: =SUM(I19:I21) -> 0 | J22: =SUM(J19:J21) -> 0 | L22: Autorizzazione Dual | M22: =COUNTIF('Att. Nuove Utenze_Portabilita'!F4:F3050,ELENCO!M3) -> 0
D23: Utenze in Abbonamento | E23: TM9 Abbonamento Illimitato - Condiviso Voce | F23: =COUNTIF('Att. Nuove Utenze_Portabilita'!B:W,E23) -> 0 | G23: 4.91 | H23: TERMINALI
D24: Utenze in Abbonamento | E24: TM9 Abbonamento Premium - Condiviso Voce | F24: =COUNTIF('Att. Nuove Utenze_Portabilita'!B:W,E24) -> 0 | G24: 14.5 | H24: SIM
D25: Utenze in Ricaricabile | E25: TM9 Ricaricabile P0 - Condiviso Voce | F25: =COUNTIF('Att. Nuove Utenze_Portabilita'!B:W,E25) -> 0 | G25: 0.4 | H25: ALTRI SERVIZI | L25: Terminali Totali | M25: =SUM(I6:I14) -> 0
D26: Utenze in Ricaricabile | E26: TM9 Ricaricabile P5 - Condiviso Voce | F26: =COUNTIF('Att. Nuove Utenze_Portabilita'!B:W,E26) -> 0 | G26: 0.76
D27: Utenze in Ricaricabile | E27: TM9 Ricaricabile P30 - Condiviso Voce | F27: =COUNTIF('Att. Nuove Utenze_Portabilita'!B:W,E27) -> 0 | G27: 0.76
D28: Utenze in Ricaricabile | E28: TM9 Ricaricabile P100 - Condiviso Voce | F28: =COUNTIF('Att. Nuove Utenze_Portabilita'!B:W,E28) -> 0 | G28: 2.45
D29: Utenze in Ricaricabile | E29: TM9 Ricaricabile Illimitato - Condiviso Voce | F29: =COUNTIF('Att. Nuove Utenze_Portabilita'!B:W,E29) -> 0 | G29: 4.91
D30: Utenze in Ricaricabile | E30: TM9 Ricaricabile Premium - Condiviso Voce | F30: =COUNTIF('Att. Nuove Utenze_Portabilita'!B:W,E30) -> 0 | G30: 14.5
D31: VOCE a CATALOGO - SMS, MMS, Minuti ITZ + DATI CONDIVISI | F31: Quantità
D32: Utenze in Abbonamento | E32: TM9 Abbonamento P5 - Condiviso Voce+Dati | F32: =COUNTIF('Att. Nuove Utenze_Portabilita'!B:W,E32) -> 0 | G32: 0.76
D33: Utenze in Abbonamento | E33: TM9 Abbonamento P30 - Condiviso Voce+Dati | F33: =COUNTIF('Att. Nuove Utenze_Portabilita'!B:W,E33) -> 0 | G33: 0.76
D34: Utenze in Abbonamento | E34: TM9 Abbonamento P100 - Condiviso Voce+Dati | F34: =COUNTIF('Att. Nuove Utenze_Portabilita'!B:W,E34) -> 0 | G34: 2.45
D35: Utenze in Ricaricabile | E35: TM9 Ricaricabile P5 - Condiviso Voce+Dati | F35: =COUNTIF('Att. Nuove Utenze_Portabilita'!B:W,E35) -> 0 | G35: 0.76
D36: Utenze in Ricaricabile | E36: TM9 Ricaricabile P30 - Condiviso Voce+Dati | F36: =COUNTIF('Att. Nuove Utenze_Portabilita'!B:W,E36) -> 0 | G36: 0.76
D37: Utenze in Ricaricabile | E37: TM9 Ricaricabile P100 - Condiviso Voce+Dati | F37: =COUNTIF('Att. Nuove Utenze_Portabilita'!B:W,E37) -> 0 | G37: 2.45

Sheet REPORT
A1: ID Procedura | B1: Ordinativo di Fornitura | C1: Tipologia | D1: Data ricezione ordine | E1: Ragione Sociale | F1: Partita IVA Codice Fiscale | G1: Customer Code | H1: TITOLARE ACCOUNT | I1: AGENZIA/KAM | J1: Indirizzo e-mail Amministrazione | K1: # Attivazioni Totali | L1: # Nuove Attivazioni | M1: # Portabilitá | N1: # Migrazioni | O1: # Variazioni | P1: # Profilo Standard | Q1: # Profilo Prioritario | R1: # Utenze Premium | S1: # Autorizzazione Dual | T1: Sicurezza Centralizzata | U1: Scorta SIM | V1: # Terminali Totali | W1: PACCHETTI CONDIVISI | X1: Accesso alla LAN/Intranet dell’Amministrazione (# servizi) | Y1: Accesso LAN - Prima attivazione del servizio (SI/NO) | Z1: Accesso LAN - Accesso mediante connessione dedicata (SI/NO) | AA1: Accesso LAN - Accesso attraverso connessione Internet (SI/NO) | AB1: Enterprise Mobility Management (# licenze) | AC1: Fleet Management (# obu) | AD1: SMS massivi - pacchetto da 5.000 messaggi RPA (# pacchetti) | AE1: SMS massivi - pacchetto da 30.000 messaggi non RPA (# pacchetti) | AF1: SMS massivi - pacchetto da 100.000 messaggi non RPA (# pacchetti) | AG1: Potenziamento della copertura (€) | AH1: Sviluppo e integrazione - Profilo A | AI1: Servizio di riferimento - Profilo A | AJ1: Sviluppo e integrazione - Profilo B | AK1: Servizio di riferimento - Profilo B | AL1: TIPO EMM | AM1: VALORE ODF | AN1: VALORE UTENZE | AO1: VALORE TERMINALI | AP1: NUOVO CUSCODE | AQ1: CUSCODE
B2: ='Dati generali'!E6 -> 0 | E2: ='Dati generali'!E8 | K2: ='Riepilogo Utenze - Offerta'!L5 -> 0 | L2: ='Riepilogo Utenze - Offerta'!L13 -> 0 | M2: ='Riepilogo Utenze - Offerta'!L7 -> 0 | N2: ='Riepilogo Utenze - Offerta'!L10 -> 0 | P2: ='Riepilogo Utenze - Offerta'!O10 -> 0 | Q2: ='Riepilogo Utenze - Offerta'!L16 -> 0 | R2: ='Riepilogo Utenze - Offerta'!O7 -> 0 | S2: ='Riepilogo Utenze - Offerta'!L22 -> 0 | T2: ='Riepilogo Utenze - Offerta'!L19 -> 0 | U2: ='Riepilogo Utenze - Offerta'!O5 -> 0 | V2: ='Riepilogo Utenze - Offerta'!L25 -> 0 | W2: SI | AM2: =Prezzi!J22 -> 0 | AN2: =Prezzi!J19 -> 0 | AO2: =Prezzi!J20 -> 0 | AP2: ='Dati generali'!E4 -> SI | AQ2: ='Dati generali'!E10
